Workbook
Name d: [1]proposta!#REF!
Name d: [1]proposta!#REF!
Name d: [1]proposta!#REF!
Name j: ORÇAMENTO!$B$1

Sheet base_cron_sfm
A1: N | B1: 3
A2: =CONCATENATE($B$1,"|",B2) -> 3|1 | B2: 1 | C2: SERVIÇOS PRELIMINARES | D2: 1 | E2: 50 | F2: 50 | S2: =SUM(E2:P2) -> 100
A3: =CONCATENATE($B$1,"|",B3) -> 3|2 | B3: 2 | C3: TERRAPLENAGEM | D3: 2 | E3: 50 | F3: 50 | S3: =SUM(E3:P3) -> 100
A4: =CONCATENATE($B$1,"|",B4) -> 3|3 | B4: 3 | C4: BASE / SUB-BASE | D4: 3 | E4: 25 | F4: 60 | G4: 15 | S4: =SUM(E4:P4) -> 100
A5: =CONCATENATE($B$1,"|",B5) -> 3|4 | B5: 4 | C5: REVESTIMENTO | D5: 4 | F5: 50 | G5: 50 | S5: =SUM(E5:P5) -> 100
A6: =CONCATENATE($B$1,"|",B6) -> 3|5 | B6: 5 | C6: MEIO-FIO E SARJETA | D6: 5 | E6: 20 | F6: 50 | G6: 30 | S6: =SUM(E6:P6) -> 100
A7: =CONCATENATE($B$1,"|",B7) -> 3|6 | B7: 6 | C7: PAISAGISMO / URBANISMO | D7: 3 | F7: 50 | G7: 50 | S7: =SUM(E7:P7) -> 100
A8: =CONCATENATE($B$1,"|",B8) -> 3|7 | B8: 7 | C8: SINALIZAÇÃO DE TRÂNSITO | D8: 5 | F8: 20 | G8: 80 | S8: =SUM(E8:P8) -> 100
A9: =CONCATENATE($B$1,"|",B9) -> 3|8 | B9: 8 | C9: ILUMINAÇÃO PÚBLICA | D9: 6 | F9: 50 | G9: 50 | S9: =SUM(E9:P9) -> 100
A10: =CONCATENATE($B$1,"|",B10) -> 3|9 | B10: 9 | C10: SERVIÇOS DIVERSOS | D10: 6 | E10: 30 | F10: 40 | G10: 30 | S10: =SUM(E10:P10) -> 100
A11: =CONCATENATE($B$1,"|",B11) -> 3|10 | B11: 10 | C11: DRENAGEM | E11: 60 | F11: 40 | S11: =SUM(E11:P11) -> 100
A12: =CONCATENATE($B$1,"|",B12) -> 3|11 | B12: 11 | C12: ENSAIOS TECNOLÓGICOS | E12: 15 | F12: 60 | G12: 25 | S12: =SUM(E12:P12) -> 100
A14: N | B14: 4
A15: =CONCATENATE($B$14,"|",B15) -> 4|1 | B15: 1 | C15: SERVIÇOS PRELIMINARES | D15: 1 | E15: 45 | F15: 45 | G15: 10 | S15: =SUM(E15:P15) -> 100
A16: =CONCATENATE($B$14,"|",B16) -> 4|2 | B16: 2 | C16: TERRAPLENAGEM | D16: 2 | E16: 40 | F16: 40 | G16: 20 | S16: =SUM(E16:P16) -> 100
A17: =CONCATENATE($B$14,"|",B17) -> 4|3 | B17: 3 | C17: BASE / SUB-BASE | D17: 3 | E17: 20 | F17: 35 | G17: 35 | H17: 10 | S17: =SUM(E17:P17) -> 100
A18: =CONCATENATE($B$14,"|",B18) -> 4|4 | B18: 4 | C18: REVESTIMENTO | D18: 4 | F18: 35 | G18: 35 | H18: 30 | S18: =SUM(E18:P18) -> 100
A19: =CONCATENATE($B$14,"|",B19) -> 4|5 | B19: 5 | C19: MEIO-FIO E SARJETA | D19: 5 | E19: 10 | F19: 35 | G19: 35 | H19: 20 | S19: =SUM(E19:P19) -> 100
A20: =CONCATENATE($B$14,"|",B20) -> 4|6 | B20: 6 | C20: PAISAGISMO / URBANISMO | D20: 3 | F20: 35 | G20: 35 | H20: 30 | S20: =SUM(E20:P20) -> 100
A21: =CONCATENATE($B$14,"|",B21) -> 4|7 | B21: 7 | C21: SINALIZAÇÃO DE TRÂNSITO | D21: 5 | F21: 15 | G21: 60 | H21: 25 | S21: =SUM(E21:P21) -> 100
A22: =CONCATENATE($B$14,"|",B22) -> 4|8 | B22: 8 | C22: ILUMINAÇÃO PÚBLICA | D22: 6 | F22: 30 | G22: 40 | H22: 30 | S22: =SUM(E22:P22) -> 100
A23: =CONCATENATE($B$14,"|",B23) -> 4|9 | B23: 9 | C23: SERVIÇOS DIVERSOS | D23: 6 | E23: 10 | F23: 35 | G23: 35 | H23: 20 | S23: =SUM(E23:P23) -> 100
A24: =CONCATENATE($B$14,"|",B24) -> 4|10 | B24: 10 | C24: DRENAGEM | E24: 40 | F24: 40 | G24: 20 | S24: =SUM(E24:P24) -> 100
A25: =CONCATENATE($B$14,"|",B25) -> 4|11 | B25: 11 | C25: ENSAIOS TECNOLÓGICOS | E25: 10 | F25: 35 | G25: 35 | H25: 20 | S25: =SUM(E25:P25) -> 100
A27: N | B27: 5
A28: =CONCATENATE($B$27,"|",B28) -> 5|1 | B28: 1 | C28: SERVIÇOS PRELIMINARES | D28: 1 | E28: 40 | F28: 30 | G28: 25 | H28: 5 | S28: =SUM(E28:P28) -> 100
A29: =CONCATENATE($B$27,"|",B29) -> 5|2 | B29: 2 | C29: TERRAPLENAGEM | D29: 2 | E29: 30 | F29: 30 | G29: 30 | H29: 10 | S29: =SUM(E29:P29) -> 100
A30: =CONCATENATE($B$27,"|",B30) -> 5|3 | B30: 3 | C30: BASE / SUB-BASE | D30: 3 | E30: 10 | F30: 30 | G30: 30 | H30: 25 | I30: 5 | S30: =SUM(E30:P30) -> 100
A31: =CONCATENATE($B$27,"|",B31) -> 5|4 | B31: 4 | C31: REVESTIMENTO | D31: 4 | F31: 15 | G31: 30 | H31: 30 | I31: 25 | S31: =SUM(E31:P31) -> 100
A32: =CONCATENATE($B$27,"|",B32) -> 5|5 | B32: 5 | C32: MEIO-FIO E SARJETA | D32: 5 | F32: 25 | G32: 35 | H32: 35 | I32: 5 | S32: =SUM(E32:P32) -> 100
A33: =CONCATENATE($B$27,"|",B33) -> 5|6 | B33: 6 | C33: PAISAGISMO / URBANISMO | D33: 3 | F33: 5 | G33: 40 | H33: 30 | I33: 25 | S33: =SUM(E33:P33) -> 100
A34: =CONCATENATE($B$27,"|",B34) -> 5|7 | B34: 7 | C34: SINALIZAÇÃO DE TRÂNSITO | D34: 5 | F34: 10 | G34: 35 | H34: 35 | I34: 20 | S34: =SUM(E34:P34) -> 100
A35: =CONCATENATE($B$27,"|",B35) -> 5|8 | B35: 8 | C35: ILUMINAÇÃO PÚBLICA | D35: 6 | F35: 10 | G35: 35 | H35: 35 | I35: 20 | S35: =SUM(E35:P35) -> 100
A36: =CONCATENATE($B$27,"|",B36) -> 5|9 | B36: 9 | C36: SERVIÇOS DIVERSOS | D36: 6 | E36: 5 | F36: 25 | G36: 25 | H36: 25 | I36: 20 | S36: =SUM(E36:P36) -> 100
A37: =CONCATENATE($B$27,"|",B37) -> 5|10 | B37: 10 | C37: DRENAGEM | E37: 25 | F37: 30 | G37: 30 | H37: 15 | S37: =SUM(E37:P37) -> 100
A38: =CONCATENATE($B$27,"|",B38) -> 5|11 | B38: 11 | C38: ENSAIOS TECNOLÓGICOS | E38: 7 | F38: 21 | G38: 27 | H38: 28 | I38: 17 | S38: =SUM(E38:P38) -> 100
A40: N | B40: 6
A41: =CONCATENATE($B$40,"|",B41) -> 6|1 | B41: 1 | C41: SERVIÇOS PRELIMINARES | D41: 1 | E41: 20 | F41: 30 | G41: 30 | H41: 20 | S41: =SUM(E41:P41) -> 100
A42: =CONCATENATE($B$40,"|",B42) -> 6|2 | B42: 2 | C42: TERRAPLENAGEM | D42: 2 | E42: 15 | F42: 25 | G42: 30 | H42: 25 | I42: 5 | S42: =SUM(E42:P42) -> 100
A43: =CONCATENATE($B$40,"|",B43) -> 6|3 | B43: 3 | C43: BASE / SUB-BASE | D43: 3 | E43: 5 | F43: 20 | G43: 30 | H43: 25 | I43: 20 | S43: =SUM(E43:P43) -> 100
A44: =CONCATENATE($B$40,"|",B44) -> 6|4 | B44: 4 | C44: REVESTIMENTO | D44: 4 | F44: 5 | G44: 20 | H44: 30 | I44: 25 | J44: 20 | S44: =SUM(E44:P44) -> 100
A45: =CONCATENATE($B$40,"|",B45) -> 6|5 | B45: 5 | C45: MEIO-FIO E SARJETA | D45: 5 | F45: 15 | G45: 30 | H45: 30 | I45: 25 | S45: =SUM(E45:P45) -> 100
A46: =CONCATENATE($B$40,"|",B46) -> 6|6 | B46: 6 | C46: PAISAGISMO / URBANISMO | D46: 3 | F46: 5 | G46: 10 | H46: 30 | I46: 30 | J46: 25 | S46: =SUM(E46:P46) -> 100
A47: =CONCATENATE($B$40,"|",B47) -> 6|7 | B47: 7 | C47: SINALIZAÇÃO DE TRÂNSITO | D47: 5 | G47: 20 | H47: 20 | I47: 30 | J47: 30 | S47: =SUM(E47:P47) -> 100
A48: =CONCATENATE($B$40,"|",B48) -> 6|8 | B48: 8 | C48: ILUMINAÇÃO PÚBLICA | D48: 6 | G48: 20 | H48: 30 | I48: 30 | J48: 20 | S48: =SUM(E48:P48) -> 100
A49: =CONCATENATE($B$40,"|",B49) -> 6|9 | B49: 9 | C49: SERVIÇOS DIVERSOS | D49: 6 | E49: 5 | F49: 15 | G49: 25 | H49: 25 | I49: 20 | J49: 10 | S49: =SUM(E49:P49) -> 100
A50: =CONCATENATE($B$40,"|",B50) -> 6|10 | B50: 10 | C50: DRENAGEM | E50: 20 | F50: 30 | G50: 30 | H50: 15 | I50: 5 | S50: =SUM(E50:P50) -> 100
A51: =CONCATENATE($B$40,"|",B51) -> 6|11 | B51: 11 | C51: ENSAIOS TECNOLÓGICOS | E51: 3 | F51: 12 | G51: 25 | H51: 28 | I51: 21 | J51: 11 | S51: =SUM(E51:P51) -> 100
A53: N | B53: 7
A54: =CONCATENATE($B$53,"|",B54) -> 7|1 | B54: 1 | C54: SERVIÇOS PRELIMINARES | D54: 1 | E54: 15 | F54: 30 | G54: 30 | H54: 20 | I54: 5 | S54: =SUM(E54:P54) -> 100
A55: =CONCATENATE($B$53,"|",B55) -> 7|2 | B55: 2 | C55: TERRAPLENAGEM | D55: 2 | E55: 15 | F55: 20 | G55: 25 | H55: 25 | I55: 15 | S55: =SUM(E55:P55) -> 100
A56: =CONCATENATE($B$53,"|",B56) -> 7|3 | B56: 3 | C56: BASE / SUB-BASE | D56: 3 | E56: 5 | F56: 15 | G56: 20 | H56: 25 | I56: 20 | J56: 15 | S56: =SUM(E56:P56) -> 100
A57: =CONCATENATE($B$53,"|",B57) -> 7|4 | B57: 4 | C57: REVESTIMENTO | D57: 4 | G57: 15 | H57: 25 | I57: 25 | J57: 25 | K57: 10 | S57: =SUM(E57:P57) -> 100
A58: =CONCATENATE($B$53,"|",B58) -> 7|5 | B58: 5 | C58: MEIO-FIO E SARJETA | D58: 5 | F58: 10 | G58: 15 | H58: 30 | I58: 30 | J58: 15 | S58: =SUM(E58:P58) -> 100
A59: =CONCATENATE($B$53,"|",B59) -> 7|6 | B59: 6 | C59: PAISAGISMO / URBANISMO | D59: 3 | F59: 5 | G59: 10 | H59: 25 | I59: 25 | J59: 20 | K59: 15 | S59: =SUM(E59:P59) -> 100
A60: =CONCATENATE($B$53,"|",B60) -> 7|7 | B60: 7 | C60: SINALIZAÇÃO DE TRÂNSITO | D60: 5 | G60: 15 | H60: 15 | I60: 25 | J60: 25 | K60: 20 | S60: =SUM(E60:P60) -> 100
A61: =CONCATENATE($B$53,"|",B61) -> 7|8 | B61: 8 | C61: ILUMINAÇÃO PÚBLICA | D61: 6 | G61: 10 | H61: 20 | I61: 20 | J61: 30 | K61: 20 | S61: =SUM(E61:P61) -> 100
A62: =CONCATENATE($B$53,"|",B62) -> 7|9 | B62: 9 | C62: SERVIÇOS DIVERSOS | D62: 6 | E62: 5 | F62: 10 | G62: 20 | H62: 20 | I62: 20 | J62: 15 | K62: 10 | S62: =SUM(E62:P62) -> 100
A63: =CONCATENATE($B$53,"|",B63) -> 7|10 | B63: 10 | C63: DRENAGEM | E63: 15 | F63: 25 | G63: 25 | H63: 20 | I63: 10 | J63: 5 | S63: =SUM(E63:P63) -> 100
A64: =CONCATENATE($B$53,"|",B64) -> 7|11 | B64: 11 | C64: ENSAIOS TECNOLÓGICOS | E64: 2 | F64: 8 | G64: 18 | H64: 20 | I64: 20 | J64: 20 | K64: 12 | S64: =SUM(E64:P64) -> 100
A66: N | B66: 8
A67: =CONCATENATE($B$66,"|",B67) -> 8|1 | B67: 1 | C67: SERVIÇOS PRELIMINARES | D67: 1 | E67: 15 | F67: 20 | G67: 25 | H67: 25 | I67: 10 | J67: 5 | S67: =SUM(E67:P67) -> 100
A68: =CONCATENATE($B$66,"|",B68) -> 8|2 | B68: 2 | C68: TERRAPLENAGEM | D68: 2 | E68: 15 | F68: 20 | G68: 25 | H68: 25 | I68: 10 | J68: 5 | S68: =SUM(E68:P68) -> 100
A69: =CONCATENATE($B$66,"|",B69) -> 8|3 | B69: 3 | C69: BASE / SUB-BASE | D69: 3 | E69: 5 | F69: 10 | G69: 15 | H69: 20 | I69: 20 | J69: 20 | K69: 10 | S69: =SUM(E69:P69) -> 100
A70: =CONCATENATE($B$66,"|",B70) -> 8|4 | B70: 4 | C70: REVESTIMENTO | D70: 4 | G70: 10 | H70: 25 | I70: 25 | J70: 20 | K70: 10 | L70: 10 | S70: =SUM(E70:P70) -> 100
A71: =CONCATENATE($B$66,"|",B71) -> 8|5 | B71: 5 | C71: MEIO-FIO E SARJETA | D71: 5 | F71: 5 | G71: 15 | H71: 25 | I71: 25 | J71: 15 | K71: 15 | S71: =SUM(E71:P71) -> 100
A72: =CONCATENATE($B$66,"|",B72) -> 8|6 | B72: 6 | C72: PAISAGISMO / URBANISMO | D72: 3 | G72: 5 | H72: 20 | I72: 20 | J72: 25 | K72: 20 | L72: 10 | S72: =SUM(E72:P72) -> 100
A73: =CONCATENATE($B$66,"|",B73) -> 8|7 | B73: 7 | C73: SINALIZAÇÃO DE TRÂNSITO | D73: 5 | G73: 5 | H73: 15 | I73: 20 | J73: 25 | K73: 25 | L73: 10 | S73: =SUM(E73:P73) -> 100
A74: =CONCATENATE($B$66,"|",B74) -> 8|8 | B74: 8 | C74: ILUMINAÇÃO PÚBLICA | D74: 6 | H74: 20 | I74: 20 | J74: 30 | K74: 20 | L74: 10 | S74: =SUM(E74:P74) -> 100
A75: =CONCATENATE($B$66,"|",B75) -> 8|9 | B75: 9 | C75: SERVIÇOS DIVERSOS | D75: 6 | E75: 5 | F75: 5 | G75: 10 | H75: 15 | I75: 20 | J75: 20 | K75: 15 | L75: 10 | S75: =SUM(E75:P75) -> 100
A76: =CONCATENATE($B$66,"|",B76) -> 8|10 | B76: 10 | C76: DRENAGEM | E76: 15 | F76: 20 | G76: 20 | H76: 20 | I76: 15 | J76: 10 | S76: =SUM(E76:P76) -> 100
A77: =CONCATENATE($B$66,"|",B77) -> 8|11 | B77: 11 | C77: ENSAIOS TECNOLÓGICOS | E77: 2 | F77: 2 | G77: 13 | H77: 15 | I77: 15 | J77: 22 | K77: 23 | L77: 8 | S77: =SUM(E77:P77) -> 100
A79: N | B79: 9
A80: =CONCATENATE($B$79,"|",B80) -> 9|1 | B80: 1 | C80: SERVIÇOS PRELIMINARES | D80: 1 | E80: 15 | F80: 15 | G80: 20 | H80: 20 | I80: 20 | J80: 10 | S80: =SUM(E80:P80) -> 100
A81: =CONCATENATE($B$79,"|",B81) -> 9|2 | B81: 2 | C81: TERRAPLENAGEM | D81: 2 | E81: 10 | F81: 15 | G81: 20 | H81: 20 | I81: 15 | J81: 15 | K81: 5 | S81: =SUM(E81:P81) -> 100
A82: =CONCATENATE($B$79,"|",B82) -> 9|3 | B82: 3 | C82: BASE / SUB-BASE | D82: 3 | E82: 5 | F82: 10 | G82: 15 | H82: 20 | I82: 20 | J82: 10 | K82: 10 | L82: 10 | S82: =SUM(E82:P82) -> 100
A83: =CONCATENATE($B$79,"|",B83) -> 9|4 | B83: 4 | C83: REVESTIMENTO | D83: 4 | G83: 5 | H83: 15 | I83: 20 | J83: 20 | K83: 20 | L83: 15 | M83: 5 | S83: =SUM(E83:P83) -> 100
A84: =CONCATENATE($B$79,"|",B84) -> 9|5 | B84: 5 | C84: MEIO-FIO E SARJETA | D84: 5 | F84: 5 | G84: 10 | H84: 15 | I84: 20 | J84: 20 | K84: 20 | L84: 10 | S84: =SUM(E84:P84) -> 100
A85: =CONCATENATE($B$79,"|",B85) -> 9|6 | B85: 6 | C85: PAISAGISMO / URBANISMO | D85: 3 | G85: 5 | H85: 10 | I85: 20 | J85: 20 | K85: 20 | L85: 15 | M85: 10 | S85: =SUM(E85:P85) -> 100
A86: =CONCATENATE($B$79,"|",B86) -> 9|7 | B86: 7 | C86: SINALIZAÇÃO DE TRÂNSITO | D86: 5 | H86: 15 | I86: 15 | J86: 15 | K86: 20 | L86: 20 | M86: 15 | S86: =SUM(E86:P86) -> 100
A87: =CONCATENATE($B$79,"|",B87) -> 9|8 | B87: 8 | C87: ILUMINAÇÃO PÚBLICA | D87: 6 | H87: 10 | I87: 20 | J87: 30 | K87: 20 | L87: 10 | M87: 10 | S87: =SUM(E87:P87) -> 100
A88: =CONCATENATE($B$79,"|",B88) -> 9|9 | B88: 9 | C88: SERVIÇOS DIVERSOS | D88: 6 | E88: 5 | F88: 5 | G88: 10 | H88: 15 | I88: 20 | J88: 15 | K88: 15 | L88: 15 | S88: =SUM(E88:P88) -> 100
A89: =CONCATENATE($B$79,"|",B89) -> 9|10 | B89: 10 | C89: DRENAGEM | E89: 10 | F89: 15 | G89: 20 | H89: 20 | I89: 20 | J89: 10 | K89: 5 | S89: =SUM(E89:P89) -> 100
A90: =CONCATENATE($B$79,"|",B90) -> 9|11 | B90: 11 | C90: ENSAIOS TECNOLÓGICOS | E90: 3 | F90: 5 | G90: 11 | H90: 15 | I90: 20 | J90: 16 | K90: 14 | L90: 10 | M90: 6 | S90: =SUM(E90:P90) -> 100
A92: N | B92: 10
A93: =CONCATENATE($B$92,"|",B93) -> 10|1 | B93: 1 | C93: SERVIÇOS PRELIMINARES | D93: 1 | E93: 20 | F93: 20 | G93: 20 | H93: 10 | I93: 10 | J93: 10 | K93: 10 | S93: =SUM(E93:P93) -> 100
A94: =CONCATENATE($B$92,"|",B94) -> 10|2 | B94: 2 | C94: TERRAPLENAGEM | D94: 2 | E94: 5 | F94: 10 | G94: 15 | H94: 20 | I94: 20 | J94: 15 | K94: 10 | L94: 5 | S94: =SUM(E94:P94) -> 100
A95: =CONCATENATE($B$92,"|",B95) -> 10|3 | B95: 3 | C95: BASE / SUB-BASE | D95: 3 | F95: 5 | G95: 10 | H95: 15 | I95: 15 | J95: 15 | K95: 15 | L95: 15 | M95: 10 | S95: =SUM(E95:P95) -> 100
A96: =CONCATENATE($B$92,"|",B96) -> 10|4 | B96: 4 | C96: REVESTIMENTO | D96: 4 | G96: 5 | H96: 5 | I96: 15 | J96: 20 | K96: 20 | L96: 15 | M96: 10 | N96: 10 | S96: =SUM(E96:P96) -> 100
A97: =CONCATENATE($B$92,"|",B97) -> 10|5 | B97: 5 | C97: MEIO-FIO E SARJETA | D97: 5 | G97: 10 | H97: 10 | I97: 10 | J97: 20 | K97: 20 | L97: 20 | M97: 10 | S97: =SUM(E97:P97) -> 100
A98: =CONCATENATE($B$92,"|",B98) -> 10|6 | B98: 6 | C98: PAISAGISMO / URBANISMO | D98: 3 | H98: 5 | I98: 10 | J98: 15 | K98: 20 | L98: 20 | M98: 15 | N98: 15 | S98: =SUM(E98:P98) -> 100
A99: =CONCATENATE($B$92,"|",B99) -> 10|7 | B99: 7 | C99: SINALIZAÇÃO DE TRÂNSITO | D99: 5 | H99: 15 | I99: 15 | J99: 15 | K99: 20 | L99: 15 | M99: 10 | N99: 10 | S99: =SUM(E99:P99) -> 100
A100: =CONCATENATE($B$92,"|",B100) -> 10|8 | B100: 8 | C100: ILUMINAÇÃO PÚBLICA | D100: 6 | H100: 10 | I100: 20 | J100: 20 | K100: 20 | L100: 10 | M100: 10 | N100: 10 | S100: =SUM(E100:P100) -> 100
A101: =CONCATENATE($B$92,"|",B101) -> 10|9 | B101: 9 | C101: SERVIÇOS DIVERSOS | D101: 6 | E101: 5 | F101: 5 | G101: 10 | H101: 10 | I101: 10 | J101: 15 | K101: 15 | L101: 10 | M101: 10 | N101: 10 | S101: =SUM(E101:P101) -> 100
A102: =CONCATENATE($B$92,"|",B102) -> 10|10 | B102: 10 | C102: DRENAGEM | E102: 10 | F102: 15 | G102: 15 | H102: 15 | I102: 15 | J102: 15 | K102: 10 | L102: 5 | S102: =SUM(E102:P102) -> 100
A103: =CONCATENATE($B$92,"|",B103) -> 10|11 | B103: 11 | C103: ENSAIOS TECNOLÓGICOS | E103: 2 | F103: 2 | G103: 14 | H103: 14 | I103: 15 | J103: 15 | K103: 15 | L103: 15 | M103: 5 | N103: 3 | S103: =SUM(E103:P103) -> 100
A105: N | B105: 11
A106: =CONCATENATE($B$105,"|",B106) -> 11|1 | B106: 1 | C106: SERVIÇOS PRELIMINARES | D106: 1 | E106: 10 | F106: 20 | G106: 20 | H106: 20 | I106: 10 | J106: 10 | K106: 10 | S106: =SUM(E106:P106) -> 100
A107: =CONCATENATE($B$105,"|",B107) -> 11|2 | B107: 2 | C107: TERRAPLENAGEM | D107: 2 | E107: 5 | F107: 10 | G107: 10 | H107: 15 | I107: 15 | J107: 15 | K107: 15 | L107: 10 | M107: 5 | S107: =SUM(E107:P107) -> 100
A108: =CONCATENATE($B$105,"|",B108) -> 11|3 | B108: 3 | C108: BASE / SUB-BASE | D108: 3 | F108: 5 | G108: 10 | H108: 10 | I108: 15 | J108: 15 | K108: 15 | L108: 10 | M108: 10 | N108: 10 | S108: =SUM(E108:P108) -> 100
...

Sheet _base_cron_fp
A1: N | B1: 3
A2: =CONCATENATE($B$1,"|",B2) -> 3|1 | B2: 1 | C2: SERVIÇOS PRELIMINARES | D2: 1 | E2: 50 | F2: 50 | S2: =SUM(E2:P2) -> 100
A3: =CONCATENATE($B$1,"|",B3) -> 3|2 | B3: 2 | C3: TERRAPLENAGEM | D3: 2 | E3: 50 | F3: 50 | S3: =SUM(E3:P3) -> 100
A4: =CONCATENATE($B$1,"|",B4) -> 3|3 | B4: 3 | C4: BASE / SUB-BASE | D4: 3 | E4: 25 | F4: 60 | G4: 15 | S4: =SUM(E4:P4) -> 100
A5: =CONCATENATE($B$1,"|",B5) -> 3|4 | B5: 4 | C5: REVESTIMENTO | D5: 4 | F5: 50 | G5: 50 | S5: =SUM(E5:P5) -> 100
A6: =CONCATENATE($B$1,"|",B6) -> 3|5 | B6: 5 | C6: MEIO-FIO E SARJETA | D6: 5 | E6: 20 | F6: 50 | G6: 30 | S6: =SUM(E6:P6) -> 100
A7: =CONCATENATE($B$1,"|",B7) -> 3|6 | B7: 6 | C7: PAISAGISMO / URBANISMO | D7: 3 | F7: 50 | G7: 50 | S7: =SUM(E7:P7) -> 100
A8: =CONCATENATE($B$1,"|",B8) -> 3|7 | B8: 7 | C8: SINALIZAÇÃO DE TRÂNSITO | D8: 5 | F8: 20 | G8: 80 | S8: =SUM(E8:P8) -> 100
A9: =CONCATENATE($B$1,"|",B9) -> 3|8 | B9: 8 | C9: ILUMINAÇÃO PÚBLICA | D9: 6 | F9: 50 | G9: 50 | S9: =SUM(E9:P9) -> 100
A10: =CONCATENATE($B$1,"|",B10) -> 3|9 | B10: 9 | C10: SERVIÇOS DIVERSOS | D10: 6 | E10: 30 | F10: 40 | G10: 30 | S10: =SUM(E10:P10) -> 100
A11: =CONCATENATE($B$1,"|",B11) -> 3|10 | B11: 10 | C11: DRENAGEM | E11: 60 | F11: 40 | S11: =SUM(E11:P11) -> 100
A12: =CONCATENATE($B$1,"|",B12) -> 3|11 | B12: 11 | C12: ENSAIOS TECNOLÓGICOS | E12: 15 | F12: 60 | G12: 25 | S12: =SUM(E12:P12) -> 100
A14: N | B14: 4
A15: =CONCATENATE($B$14,"|",B15) -> 4|1 | B15: 1 | C15: SERVIÇOS PRELIMINARES | D15: 1 | E15: 45 | F15: 45 | G15: 10 | S15: =SUM(E15:P15) -> 100
A16: =CONCATENATE($B$14,"|",B16) -> 4|2 | B16: 2 | C16: TERRAPLENAGEM | D16: 2 | E16: 40 | F16: 40 | G16: 20 | S16: =SUM(E16:P16) -> 100
A17: =CONCATENATE($B$14,"|",B17) -> 4|3 | B17: 3 | C17: BASE / SUB-BASE | D17: 3 | E17: 20 | F17: 35 | G17: 35 | H17: 10 | S17: =SUM(E17:P17) -> 100
A18: =CONCATENATE($B$14,"|",B18) -> 4|4 | B18: 4 | C18: REVESTIMENTO | D18: 4 | F18: 35 | G18: 35 | H18: 30 | S18: =SUM(E18:P18) -> 100
A19: =CONCATENATE($B$14,"|",B19) -> 4|5 | B19: 5 | C19: MEIO-FIO E SARJETA | D19: 5 | E19: 10 | F19: 35 | G19: 35 | H19: 20 | S19: =SUM(E19:P19) -> 100
A20: =CONCATENATE($B$14,"|",B20) -> 4|6 | B20: 6 | C20: PAISAGISMO / URBANISMO | D20: 3 | F20: 35 | G20: 35 | H20: 30 | S20: =SUM(E20:P20) -> 100
A21: =CONCATENATE($B$14,"|",B21) -> 4|7 | B21: 7 | C21: SINALIZAÇÃO DE TRÂNSITO | D21: 5 | F21: 15 | G21: 60 | H21: 25 | S21: =SUM(E21:P21) -> 100
A22: =CONCATENATE($B$14,"|",B22) -> 4|8 | B22: 8 | C22: ILUMINAÇÃO PÚBLICA | D22: 6 | F22: 30 | G22: 40 | H22: 30 | S22: =SUM(E22:P22) -> 100
A23: =CONCATENATE($B$14,"|",B23) -> 4|9 | B23: 9 | C23: SERVIÇOS DIVERSOS | D23: 6 | E23: 10 | F23: 35 | G23: 35 | H23: 20 | S23: =SUM(E23:P23) -> 100
A24: =CONCATENATE($B$14,"|",B24) -> 4|10 | B24: 10 | C24: DRENAGEM | E24: 40 | F24: 40 | G24: 20 | S24: =SUM(E24:P24) -> 100
A25: =CONCATENATE($B$14,"|",B25) -> 4|11 | B25: 11 | C25: ENSAIOS TECNOLÓGICOS | E25: 10 | F25: 35 | G25: 35 | H25: 20 | S25: =SUM(E25:P25) -> 100
A27: N | B27: 5
A28: =CONCATENATE($B$27,"|",B28) -> 5|1 | B28: 1 | C28: SERVIÇOS PRELIMINARES | D28: 1 | E28: 40 | F28: 30 | G28: 25 | H28: 5 | S28: =SUM(E28:P28) -> 100
A29: =CONCATENATE($B$27,"|",B29) -> 5|2 | B29: 2 | C29: TERRAPLENAGEM | D29: 2 | E29: 30 | F29: 30 | G29: 30 | H29: 10 | S29: =SUM(E29:P29) -> 100
A30: =CONCATENATE($B$27,"|",B30) -> 5|3 | B30: 3 | C30: BASE / SUB-BASE | D30: 3 | E30: 10 | F30: 30 | G30: 30 | H30: 25 | I30: 5 | S30: =SUM(E30:P30) -> 100
A31: =CONCATENATE($B$27,"|",B31) -> 5|4 | B31: 4 | C31: REVESTIMENTO | D31: 4 | F31: 15 | G31: 30 | H31: 30 | I31: 25 | S31: =SUM(E31:P31) -> 100
A32: =CONCATENATE($B$27,"|",B32) -> 5|5 | B32: 5 | C32: MEIO-FIO E SARJETA | D32: 5 | F32: 25 | G32: 35 | H32: 35 | I32: 5 | S32: =SUM(E32:P32) -> 100
A33: =CONCATENATE($B$27,"|",B33) -> 5|6 | B33: 6 | C33: PAISAGISMO / URBANISMO | D33: 3 | F33: 5 | G33: 40 | H33: 30 | I33: 25 | S33: =SUM(E33:P33) -> 100
A34: =CONCATENATE($B$27,"|",B34) -> 5|7 | B34: 7 | C34: SINALIZAÇÃO DE TRÂNSITO | D34: 5 | F34: 10 | G34: 35 | H34: 35 | I34: 20 | S34: =SUM(E34:P34) -> 100
A35: =CONCATENATE($B$27,"|",B35) -> 5|8 | B35: 8 | C35: ILUMINAÇÃO PÚBLICA | D35: 6 | F35: 10 | G35: 35 | H35: 35 | I35: 20 | S35: =SUM(E35:P35) -> 100
A36: =CONCATENATE($B$27,"|",B36) -> 5|9 | B36: 9 | C36: SERVIÇOS DIVERSOS | D36: 6 | E36: 5 | F36: 25 | G36: 25 | H36: 25 | I36: 20 | S36: =SUM(E36:P36) -> 100
A37: =CONCATENATE($B$27,"|",B37) -> 5|10 | B37: 10 | C37: DRENAGEM | E37: 25 | F37: 30 | G37: 30 | H37: 15 | S37: =SUM(E37:P37) -> 100
A38: =CONCATENATE($B$27,"|",B38) -> 5|11 | B38: 11 | C38: ENSAIOS TECNOLÓGICOS | E38: 7 | F38: 21 | G38: 27 | H38: 28 | I38: 17 | S38: =SUM(E38:P38) -> 100
A40: N | B40: 6
A41: =CONCATENATE($B$40,"|",B41) -> 6|1 | B41: 1 | C41: SERVIÇOS PRELIMINARES | D41: 1 | E41: 20 | F41: 30 | G41: 30 | H41: 20 | S41: =SUM(E41:P41) -> 100
A42: =CONCATENATE($B$40,"|",B42) -> 6|2 | B42: 2 | C42: TERRAPLENAGEM | D42: 2 | E42: 15 | F42: 25 | G42: 30 | H42: 25 | I42: 5 | S42: =SUM(E42:P42) -> 100
A43: =CONCATENATE($B$40,"|",B43) -> 6|3 | B43: 3 | C43: BASE / SUB-BASE | D43: 3 | E43: 5 | F43: 20 | G43: 30 | H43: 25 | I43: 20 | S43: =SUM(E43:P43) -> 100
A44: =CONCATENATE($B$40,"|",B44) -> 6|4 | B44: 4 | C44: REVESTIMENTO | D44: 4 | F44: 5 | G44: 20 | H44: 30 | I44: 25 | J44: 20 | S44: =SUM(E44:P44) -> 100
A45: =CONCATENATE($B$40,"|",B45) -> 6|5 | B45: 5 | C45: MEIO-FIO E SARJETA | D45: 5 | F45: 15 | G45: 30 | H45: 30 | I45: 25 | S45: =SUM(E45:P45) -> 100
A46: =CONCATENATE($B$40,"|",B46) -> 6|6 | B46: 6 | C46: PAISAGISMO / URBANISMO | D46: 3 | F46: 5 | G46: 10 | H46: 30 | I46: 30 | J46: 25 | S46: =SUM(E46:P46) -> 100
A47: =CONCATENATE($B$40,"|",B47) -> 6|7 | B47: 7 | C47: SINALIZAÇÃO DE TRÂNSITO | D47: 5 | G47: 20 | H47: 20 | I47: 30 | J47: 30 | S47: =SUM(E47:P47) -> 100
A48: =CONCATENATE($B$40,"|",B48) -> 6|8 | B48: 8 | C48: ILUMINAÇÃO PÚBLICA | D48: 6 | G48: 20 | H48: 30 | I48: 30 | J48: 20 | S48: =SUM(E48:P48) -> 100
A49: =CONCATENATE($B$40,"|",B49) -> 6|9 | B49: 9 | C49: SERVIÇOS DIVERSOS | D49: 6 | E49: 5 | F49: 15 | G49: 25 | H49: 25 | I49: 20 | J49: 10 | S49: =SUM(E49:P49) -> 100
A50: =CONCATENATE($B$40,"|",B50) -> 6|10 | B50: 10 | C50: DRENAGEM | E50: 20 | F50: 30 | G50: 30 | H50: 15 | I50: 5 | S50: =SUM(E50:P50) -> 100
A51: =CONCATENATE($B$40,"|",B51) -> 6|11 | B51: 11 | C51: ENSAIOS TECNOLÓGICOS | E51: 3 | F51: 12 | G51: 25 | H51: 28 | I51: 21 | J51: 11 | S51: =SUM(E51:P51) -> 100
A53: N | B53: 7
A54: =CONCATENATE($B$53,"|",B54) -> 7|1 | B54: 1 | C54: SERVIÇOS PRELIMINARES | D54: 1 | E54: 15 | F54: 30 | G54: 30 | H54: 20 | I54: 5 | S54: =SUM(E54:P54) -> 100
A55: =CONCATENATE($B$53,"|",B55) -> 7|2 | B55: 2 | C55: TERRAPLENAGEM | D55: 2 | E55: 15 | F55: 20 | G55: 25 | H55: 25 | I55: 15 | S55: =SUM(E55:P55) -> 100
A56: =CONCATENATE($B$53,"|",B56) -> 7|3 | B56: 3 | C56: BASE / SUB-BASE | D56: 3 | E56: 5 | F56: 15 | G56: 20 | H56: 25 | I56: 20 | J56: 15 | S56: =SUM(E56:P56) -> 100
A57: =CONCATENATE($B$53,"|",B57) -> 7|4 | B57: 4 | C57: REVESTIMENTO | D57: 4 | G57: 15 | H57: 25 | I57: 25 | J57: 25 | K57: 10 | S57: =SUM(E57:P57) -> 100
A58: =CONCATENATE($B$53,"|",B58) -> 7|5 | B58: 5 | C58: MEIO-FIO E SARJETA | D58: 5 | F58: 10 | G58: 15 | H58: 30 | I58: 30 | J58: 15 | S58: =SUM(E58:P58) -> 100
A59: =CONCATENATE($B$53,"|",B59) -> 7|6 | B59: 6 | C59: PAISAGISMO / URBANISMO | D59: 3 | F59: 5 | G59: 10 | H59: 25 | I59: 25 | J59: 20 | K59: 15 | S59: =SUM(E59:P59) -> 100
A60: =CONCATENATE($B$53,"|",B60) -> 7|7 | B60: 7 | C60: SINALIZAÇÃO DE TRÂNSITO | D60: 5 | G60: 15 | H60: 15 | I60: 25 | J60: 25 | K60: 20 | S60: =SUM(E60:P60) -> 100
A61: =CONCATENATE($B$53,"|",B61) -> 7|8 | B61: 8 | C61: ILUMINAÇÃO PÚBLICA | D61: 6 | G61: 10 | H61: 20 | I61: 20 | J61: 30 | K61: 20 | S61: =SUM(E61:P61) -> 100
A62: =CONCATENATE($B$53,"|",B62) -> 7|9 | B62: 9 | C62: SERVIÇOS DIVERSOS | D62: 6 | E62: 5 | F62: 10 | G62: 20 | H62: 20 | I62: 20 | J62: 15 | K62: 10 | S62: =SUM(E62:P62) -> 100
A63: =CONCATENATE($B$53,"|",B63) -> 7|10 | B63: 10 | C63: DRENAGEM | E63: 15 | F63: 25 | G63: 25 | H63: 20 | I63: 10 | J63: 5 | S63: =SUM(E63:P63) -> 100
A64: =CONCATENATE($B$53,"|",B64) -> 7|11 | B64: 11 | C64: ENSAIOS TECNOLÓGICOS | E64: 2 | F64: 8 | G64: 18 | H64: 20 | I64: 20 | J64: 20 | K64: 12 | S64: =SUM(E64:P64) -> 100
A66: N | B66: 8
A67: =CONCATENATE($B$66,"|",B67) -> 8|1 | B67: 1 | C67: SERVIÇOS PRELIMINARES | D67: 1 | E67: 15 | F67: 20 | G67: 25 | H67: 25 | I67: 10 | J67: 5 | S67: =SUM(E67:P67) -> 100
A68: =CONCATENATE($B$66,"|",B68) -> 8|2 | B68: 2 | C68: TERRAPLENAGEM | D68: 2 | E68: 15 | F68: 20 | G68: 25 | H68: 25 | I68: 10 | J68: 5 | S68: =SUM(E68:P68) -> 100
A69: =CONCATENATE($B$66,"|",B69) -> 8|3 | B69: 3 | C69: BASE / SUB-BASE | D69: 3 | E69: 5 | F69: 10 | G69: 15 | H69: 20 | I69: 20 | J69: 20 | K69: 10 | S69: =SUM(E69:P69) -> 100
A70: =CONCATENATE($B$66,"|",B70) -> 8|4 | B70: 4 | C70: REVESTIMENTO | D70: 4 | G70: 10 | H70: 25 | I70: 25 | J70: 20 | K70: 10 | L70: 10 | S70: =SUM(E70:P70) -> 100
A71: =CONCATENATE($B$66,"|",B71) -> 8|5 | B71: 5 | C71: MEIO-FIO E SARJETA | D71: 5 | F71: 5 | G71: 15 | H71: 25 | I71: 25 | J71: 15 | K71: 15 | S71: =SUM(E71:P71) -> 100
A72: =CONCATENATE($B$66,"|",B72) -> 8|6 | B72: 6 | C72: PAISAGISMO / URBANISMO | D72: 3 | G72: 5 | H72: 20 | I72: 20 | J72: 25 | K72: 20 | L72: 10 | S72: =SUM(E72:P72) -> 100
A73: =CONCATENATE($B$66,"|",B73) -> 8|7 | B73: 7 | C73: SINALIZAÇÃO DE TRÂNSITO | D73: 5 | G73: 5 | H73: 15 | I73: 20 | J73: 25 | K73: 25 | L73: 10 | S73: =SUM(E73:P73) -> 100
A74: =CONCATENATE($B$66,"|",B74) -> 8|8 | B74: 8 | C74: ILUMINAÇÃO PÚBLICA | D74: 6 | H74: 20 | I74: 20 | J74: 30 | K74: 20 | L74: 10 | S74: =SUM(E74:P74) -> 100
A75: =CONCATENATE($B$66,"|",B75) -> 8|9 | B75: 9 | C75: SERVIÇOS DIVERSOS | D75: 6 | E75: 5 | F75: 5 | G75: 10 | H75: 15 | I75: 20 | J75: 20 | K75: 15 | L75: 10 | S75: =SUM(E75:P75) -> 100
A76: =CONCATENATE($B$66,"|",B76) -> 8|10 | B76: 10 | C76: DRENAGEM | E76: 15 | F76: 20 | G76: 20 | H76: 20 | I76: 15 | J76: 10 | S76: =SUM(E76:P76) -> 100
A77: =CONCATENATE($B$66,"|",B77) -> 8|11 | B77: 11 | C77: ENSAIOS TECNOLÓGICOS | E77: 2 | F77: 2 | G77: 13 | H77: 15 | I77: 15 | J77: 22 | K77: 23 | L77: 8 | S77: =SUM(E77:P77) -> 100
A79: N | B79: 9
A80: =CONCATENATE($B$79,"|",B80) -> 9|1 | B80: 1 | C80: SERVIÇOS PRELIMINARES | D80: 1 | E80: 15 | F80: 15 | G80: 20 | H80: 20 | I80: 20 | J80: 10 | S80: =SUM(E80:P80) -> 100
A81: =CONCATENATE($B$79,"|",B81) -> 9|2 | B81: 2 | C81: TERRAPLENAGEM | D81: 2 | E81: 10 | F81: 15 | G81: 20 | H81: 20 | I81: 15 | J81: 15 | K81: 5 | S81: =SUM(E81:P81) -> 100
A82: =CONCATENATE($B$79,"|",B82) -> 9|3 | B82: 3 | C82: BASE / SUB-BASE | D82: 3 | E82: 5 | F82: 10 | G82: 15 | H82: 20 | I82: 20 | J82: 10 | K82: 10 | L82: 10 | S82: =SUM(E82:P82) -> 100
A83: =CONCATENATE($B$79,"|",B83) -> 9|4 | B83: 4 | C83: REVESTIMENTO | D83: 4 | G83: 5 | H83: 15 | I83: 20 | J83: 20 | K83: 20 | L83: 15 | M83: 5 | S83: =SUM(E83:P83) -> 100
A84: =CONCATENATE($B$79,"|",B84) -> 9|5 | B84: 5 | C84: MEIO-FIO E SARJETA | D84: 5 | F84: 5 | G84: 10 | H84: 15 | I84: 20 | J84: 20 | K84: 20 | L84: 10 | S84: =SUM(E84:P84) -> 100
A85: =CONCATENATE($B$79,"|",B85) -> 9|6 | B85: 6 | C85: PAISAGISMO / URBANISMO | D85: 3 | G85: 5 | H85: 10 | I85: 20 | J85: 20 | K85: 20 | L85: 15 | M85: 10 | S85: =SUM(E85:P85) -> 100
A86: =CONCATENATE($B$79,"|",B86) -> 9|7 | B86: 7 | C86: SINALIZAÇÃO DE TRÂNSITO | D86: 5 | H86: 15 | I86: 15 | J86: 15 | K86: 20 | L86: 20 | M86: 15 | S86: =SUM(E86:P86) -> 100
A87: =CONCATENATE($B$79,"|",B87) -> 9|8 | B87: 8 | C87: ILUMINAÇÃO PÚBLICA | D87: 6 | H87: 10 | I87: 20 | J87: 30 | K87: 20 | L87: 10 | M87: 10 | S87: =SUM(E87:P87) -> 100
A88: =CONCATENATE($B$79,"|",B88) -> 9|9 | B88: 9 | C88: SERVIÇOS DIVERSOS | D88: 6 | E88: 5 | F88: 5 | G88: 10 | H88: 15 | I88: 20 | J88: 15 | K88: 15 | L88: 15 | S88: =SUM(E88:P88) -> 100
A89: =CONCATENATE($B$79,"|",B89) -> 9|10 | B89: 10 | C89: DRENAGEM | E89: 10 | F89: 15 | G89: 20 | H89: 20 | I89: 20 | J89: 10 | K89: 5 | S89: =SUM(E89:P89) -> 100
A90: =CONCATENATE($B$79,"|",B90) -> 9|11 | B90: 11 | C90: ENSAIOS TECNOLÓGICOS | E90: 3 | F90: 5 | G90: 11 | H90: 15 | I90: 20 | J90: 16 | K90: 14 | L90: 10 | M90: 6 | S90: =SUM(E90:P90) -> 100
A92: N | B92: 10
A93: =CONCATENATE($B$92,"|",B93) -> 10|1 | B93: 1 | C93: SERVIÇOS PRELIMINARES | D93: 1 | E93: 20 | F93: 20 | G93: 20 | H93: 10 | I93: 10 | J93: 10 | K93: 10 | S93: =SUM(E93:P93) -> 100
A94: =CONCATENATE($B$92,"|",B94) -> 10|2 | B94: 2 | C94: TERRAPLENAGEM | D94: 2 | E94: 5 | F94: 10 | G94: 15 | H94: 20 | I94: 20 | J94: 15 | K94: 10 | L94: 5 | S94: =SUM(E94:P94) -> 100
A95: =CONCATENATE($B$92,"|",B95) -> 10|3 | B95: 3 | C95: BASE / SUB-BASE | D95: 3 | F95: 5 | G95: 10 | H95: 15 | I95: 15 | J95: 15 | K95: 15 | L95: 15 | M95: 10 | S95: =SUM(E95:P95) -> 100
A96: =CONCATENATE($B$92,"|",B96) -> 10|4 | B96: 4 | C96: REVESTIMENTO | D96: 4 | G96: 5 | H96: 5 | I96: 15 | J96: 20 | K96: 20 | L96: 15 | M96: 10 | N96: 10 | S96: =SUM(E96:P96) -> 100
A97: =CONCATENATE($B$92,"|",B97) -> 10|5 | B97: 5 | C97: MEIO-FIO E SARJETA | D97: 5 | G97: 10 | H97: 10 | I97: 10 | J97: 20 | K97: 20 | L97: 20 | M97: 10 | S97: =SUM(E97:P97) -> 100
A98: =CONCATENATE($B$92,"|",B98) -> 10|6 | B98: 6 | C98: PAISAGISMO / URBANISMO | D98: 3 | H98: 5 | I98: 10 | J98: 15 | K98: 20 | L98: 20 | M98: 15 | N98: 15 | S98: =SUM(E98:P98) -> 100
A99: =CONCATENATE($B$92,"|",B99) -> 10|7 | B99: 7 | C99: SINALIZAÇÃO DE TRÂNSITO | D99: 5 | H99: 15 | I99: 15 | J99: 15 | K99: 20 | L99: 15 | M99: 10 | N99: 10 | S99: =SUM(E99:P99) -> 100
A100: =CONCATENATE($B$92,"|",B100) -> 10|8 | B100: 8 | C100: ILUMINAÇÃO PÚBLICA | D100: 6 | H100: 10 | I100: 20 | J100: 20 | K100: 20 | L100: 10 | M100: 10 | N100: 10 | S100: =SUM(E100:P100) -> 100
A101: =CONCATENATE($B$92,"|",B101) -> 10|9 | B101: 9 | C101: SERVIÇOS DIVERSOS | D101: 6 | E101: 5 | F101: 5 | G101: 10 | H101: 10 | I101: 10 | J101: 15 | K101: 15 | L101: 10 | M101: 10 | N101: 10 | S101: =SUM(E101:P101) -> 100
A102: =CONCATENATE($B$92,"|",B102) -> 10|10 | B102: 10 | C102: DRENAGEM | E102: 10 | F102: 15 | G102: 15 | H102: 15 | I102: 15 | J102: 15 | K102: 10 | L102: 5 | S102: =SUM(E102:P102) -> 100
A103: =CONCATENATE($B$92,"|",B103) -> 10|11 | B103: 11 | C103: ENSAIOS TECNOLÓGICOS | E103: 2 | F103: 2 | G103: 14 | H103: 14 | I103: 15 | J103: 15 | K103: 15 | L103: 15 | M103: 5 | N103: 3 | S103: =SUM(E103:P103) -> 100
A105: N | B105: 11
A106: =CONCATENATE($B$105,"|",B106) -> 11|1 | B106: 1 | C106: SERVIÇOS PRELIMINARES | D106: 1 | E106: 10 | F106: 20 | G106: 20 | H106: 20 | I106: 10 | J106: 10 | K106: 10 | S106: =SUM(E106:P106) -> 100
A107: =CONCATENATE($B$105,"|",B107) -> 11|2 | B107: 2 | C107: TERRAPLENAGEM | D107: 2 | E107: 5 | F107: 10 | G107: 10 | H107: 15 | I107: 15 | J107: 15 | K107: 15 | L107: 10 | M107: 5 | S107: =SUM(E107:P107) -> 100
A108: =CONCATENATE($B$105,"|",B108) -> 11|3 | B108: 3 | C108: BASE / SUB-BASE | D108: 3 | F108: 5 | G108: 10 | H108: 10 | I108: 15 | J108: 15 | K108: 15 | L108: 10 | M108: 10 | N108: 10 | S108: =SUM(E108:P108) -> 100
...

Sheet BDI
A1: BDI - ACÓRDÃO Nº 2622/2013 – TCU PAVIMENTAÇÃO
A2: IMPOSTOS | B2: ISS = | C2: =B24 -> 0.2
B3: PIS = | C3: 0.65
B4: COFINS = | C4: 3
B5: CPMF = | C5: 0
B6: TOTAL = | C6: =SUM(C2:C5) -> 3.85
A7: TIPO DE SERVIÇO | B7: OBRAS | C7: MATERIAIS
A8: ADMINISTRAÇÃO CENTRAL | B8: 4.2 | C8: 3.454
A9: RISCOS | B9: 0.97 | C9: 0.48
A10: SEGUROS E GARANTIAS | B10: 0.74 | C10: 0.85
A11: DESPESAS FINANCEIRAS | B11: 1.21 | C11: 0.85
A12: LUCRO | B12: 7.3 | C12: 5.11
A13: BDI (OBRA OU MATERIAIS/EQUIP.) | B13: =(((((1+(B8+B9+B10)/100)*(1+B11/100)*(1+B12/100))/(1-C6/100))-1)*100) -> 19.621936 | C13: =(((((1+(C8+C9+C10)/100)*(1+C11/100)*(1+C12/100))/(1-(C3+C4+C5)/100))-1)*100) -> 15.282449
A14: BDI=(((((1+(C8+C9+C10)/100)*(1+C11/100)*(1+C12/100))/(1-C6/100))-1)*100)
A15: BDI (OBRA) | B15: =IF(D15="X",0,ROUND(B13,2)/100) -> 0.1962 | F15: Digite "X" para obter Valor Total sem BDI
A17: BDI (MATERIAIS E EQUIPAMENTOS) | B17: =IF(D15="X",0,ROUND(C13,2)/100) -> 0.1528
A21: ISS Município | B21: 2 | C21: %
A22: Base de Cálculo (% de mão de Obra) | B22: 10 | C22: %
A23: 3- Fórmula de cálculo do ISS | B23: =ISS x base de cálculo | C23: %
A24: 4- Valor do ISS calculado (Máximo : 2,50%) | B24: =ROUND(B21*B22/100,4) -> 0.2 | C24: %
A26: VALORES DO BDI POR TIPO DE OBRA
A27: TIPOS DE OBRA | B27: 1º Quartil | C27: Médio | D27: 3º Quartil
A28: CONSTRUÇÃO DE EDIFÍCIOS | B28: 0.2034 | C28: 0.2212 | D28: 0.25
A29: CONSTRUÇÃO DE RODOVIAS E FERROVIAS | B29: 0.196 | C29: 0.2095 | D29: 0.2423
A30: CONSTRUÇÃO DE REDES DE ABASTECIMENTO DE ÁGUA, COLETA DE ESGOTO E CONSTRUÇÕES CORRELATAS | B30: 0.2076 | C30: 0.2418 | D30: 0.2644
A31: CONSTRUÇÃO E MANUTENÇÃO DE ESTAÇÕES E REDES DE DISTRIBUIÇÃO DE ENERGIA ELÉTRICA | B31: 0.24 | C31: 0.2584 | D31: 0.2786
A32: OBRAS PORTUÁRIAS, MARÍTIMAS E FLUVIAIS | B32: 0.228 | C32: 0.2748 | D32: 0.3095
A35: BDI PARA ITENS DE MERO FORNECIMENTO DE MATERIAIS E EQUIPAMENTOS | B35: 1º Quartil | C35: Médio | D35: 3º Quartil
B36: 0.111 | C36: 0.1402 | D36: 0.168
A39: TIPOS DE OBRA | B39: ADMINISTRAÇÃO CENTRAL | E39: RISCO | H39: SEGURO + GARANTIA | K39: DESPESA FINANCEIRA | N39: LUCRO
B40: 1º Quartil | C40: Médio | D40: 3º Quartil | E40: 1º Quartil | F40: Médio | G40: 3º Quartil | H40: 1º Quartil | I40: Médio | J40: 3º Quartil | K40: 1º Quartil | L40: Médio | M40: 3º Quartil | N40: 1º Quartil | O40: Médio | P40: 3º Quartil
A41: CONSTRUÇÃO DE EDIFÍCIOS | B41: 0.03 | C41: 0.04 | D41: 0.055 | E41: 0.0097 | F41: 0.0127 | G41: 0.0127 | H41: 0.008 | I41: 0.008 | J41: 0.01 | K41: 0.0059 | L41: 0.0123 | M41: 0.0139 | N41: 0.0616 | O41: 0.074 | P41: 0.0896
A42: CONSTRUÇÃO DE RODOVIAS E FERROVIAS | B42: 0.038 | C42: 0.0401 | D42: 0.0467 | E42: 0.005 | F42: 0.0056 | G42: 0.0097 | H42: 0.0032 | I42: 0.004 | J42: 0.0074 | K42: 0.0102 | L42: 0.0111 | M42: 0.0121 | N42: 0.0664 | O42: 0.073 | P42: 0.0869
A43: CONSTRUÇÃO DE REDES DE ABASTECIMENTO DE ÁGUA, COLETA DE ESGOTO E CONSTRUÇÕES CORRELATAS | B43: 0.0343 | C43: 0.0493 | D43: 0.0671 | E43: 0.01 | F43: 0.0139 | G43: 0.0174 | H43: 0.0028 | I43: 0.0049 | J43: 0.0075 | K43: 0.0094 | L43: 0.0099 | M43: 0.0117 | N43: 0.0674 | O43: 0.0804 | P43: 0.094
A44: CONSTRUÇÃO E MANUTENÇÃO DE ESTAÇÕES E REDES DE DISTRIBUIÇÃO DE ENERGIA ELÉTRICA | B44: 0.0529 | C44: 0.0592 | D44: 0.0793 | E44: 0.01 | F44: 0.0148 | G44: 0.0197 | H44: 0.0025 | I44: 0.0051 | J44: 0.0056 | K44: 0.0101 | L44: 0.0107 | M44: 0.0111 | N44: 0.08 | O44: 0.0831 | P44: 0.0951
A45: OBRAS PORTUÁRIAS, MARÍTIMAS E FLUVIAIS | B45: 0.04 | C45: 0.0552 | D45: 0.0785 | E45: 0.0146 | F45: 0.0232 | G45: 0.0316 | H45: 0.0081 | I45: 0.0122 | J45: 0.0199 | K45: 0.0094 | L45: 0.0102 | M45: 0.0133 | N45: 0.0714 | O45: 0.084 | P45: 0.1043
A48: BDI PARA ITENS DE MERO FORNECIMENTO DE MATERIAIS E EQUIPAMENTOS
A49: PARCELA DO BDI | B49: 1º Quartil | C49: Médio | D49: 3º Quartil
A50: ADMINISTRAÇÃO CENTRAL | B50: 0.015 | C50: 0.0345 | D50: 0.0449
A51: SEGURO + GARANTIA | B51: 0.003 | C51: 0.0048 | D51: 0.0082
A52: RISCO | B52: 0.0056 | C52: 0.0085 | D52: 0.0089
A53: DESPESA FINANCEIRA | B53: 0.0085 | C53: 0.0085 | D53: 0.0111
A54: LUCRO | B54: 0.035 | C54: 0.0511 | D54: 0.0622
A57: PERCENTUAL DE ADMINISTRAÇÃO LOCAL INSERIDO NO CUSTO DIRETO*
A58: TIPOS DE OBRA | B58: 1º Quartil | C58: Médio | D58: 3º Quartil
A59: CONSTRUÇÃO DE EDIFÍCIOS | B59: 0.0349 | C59: 0.0623 | D59: 0.0887
A60: CONSTRUÇÃO DE RODOVIAS E FERROVIAS | B60: 0.0198 | C60: 0.0699 | D60: 0.1068
A61: CONSTRUÇÃO DE REDES DE ABASTECIMENTO DE ÁGUA, COLETA DE ESGOTO E CONSTRUÇÕES CORRELATAS | B61: 0.0413 | C61: 0.0764 | D61: 0.1089
A62: CONSTRUÇÃO E MANUTENÇÃO DE ESTAÇÕES E REDES DE DISTRIBUIÇÃO DE ENERGIA ELÉTRICA | B62: 0.0185 | C62: 0.0505 | D62: 0.0745
A63: OBRAS PORTUÁRIAS, MARÍTIMAS E FLUVIAIS | B63: 0.0623 | C63: 0.0748 | D63: 0.0909
A65: *Para verificação da adequabilidade das planilhas orçamentárias das obras públicas utilizar como referência do impacto esperado para os itens associados a administração local no valor total do orçamento, os seguintes valores percentuais abtidos no estudo de que tratam estes autos.

Sheet ORÇAMENTO
B2: x | D2: REFERÊNCIAS | F2: DER OUTUBRO 2024 / SINAPI JANEIRO 2025 / SEINFRA/ ORÇACIVIL/ PM Curitiba/ SANEPAR/ DAER-RS/ SEIL
D3: Anexo
A4: x | D4: ESCRITÓRIO REGIONAL | E4: :
A5: x | D5: SUBPROJETO | E5: : | F5: PAVIMENTAÇÃO
A6: x | D6: PROTOCOLO | E6: :
A7: x | D7: ARQ Nº | E7: :
D8: LOCAL | E8: :
D9: BDI (%) - MATERIAIS | E9: : | F9: =IF(BDI!B17<0,0,BDI!B17) -> 0.1528
D10: BDI (%) - SERVIÇOS | E10: : | F10: =BDI!B15 -> 0.1962
D11: ENSAIOS (%) | E11: :
D12: LOTEAMENTO SONHO MEU
D13: Município: Bituruna
D14: Projeto: Loteamento Sonho meu e recape asfáltico em vias do Bairro São João
D15: Local da Obra: Rua Lídio Perizollo
B16: Código | C16: Orígem | D16: DESCRIÇÃO DOS SERVIÇOS | F16: DMT | G16: CONSUMO | H16: CUSTOS UNITÁRIOS - ( R$ ) | L16: UD | M16: ORÇAMENTO LICITAÇÃO | R16: PROPOSTA DE PREÇO | T16: IMPRIMIR
F17: km | G17: ( ton ) | H17: TRANSP | I17: EXEC. | J17: S/BDI | K17: C/BDI | M17: QUANT | N17: UNIT | O17: ( R$ ) - PM | P17: ( R$ ) - PM TOTAIS | Q17: CUSTO UNITÁRIO | R17: CUSTO TOTAL PROPONENTE | S17: PREÇO TOTAL PROPONENTE | T17: ITENS | U17: Arquivo | V17: ANEXO | W17: Cartilha
A18: 1 | B18: 1 | D18: SERVIÇOS PRELIMINARES | P18: =SUM(O19:O28) -> 88179.93 | S18: =SUM(R19:R28) -> 0 | T18: x | U18: x | V18: =IF(T18="X","x",IF(T18="y","x",IF(T18="xx","x",IF(#REF!>0,"x","")))) -> x | W18: =IF(T18="X","x",IF(#REF!>0,"x","")) -> x
B19: 74209/1 | C19: Orçacivil | D19: PLACA DE OBRA 4,00 X 2,00 M, EM CHAPA DE ACO GALVANIZADO, INCLUSIVE ARMAÇÃO EM MADEIRA E PONTALETES | I19: 3199.34 | J19: =IF(ISBLANK(I19),"",SUM(H19:I19)) -> 3199.34 | K19: =IF(ISBLANK(I19),0,ROUND(J19*(1+$F$10)*(1+$F$11*E19),2)) -> 3827.05 | L19: un | M19: 1 | N19: =K19 -> 3827.05 | O19: =IF(ISBLANK(N19),0,ROUND(M19*N19,2)) -> 3827.05 | R19: =ROUND(Q19*M19,2) -> 0 | T19: x | U19: x | V19: x | W19: x
B20: C2850 | C20: SEINFRA | D20: INSTALAÇÕES PROVISÓRIAS DE LUZ, FORÇA, TELEFONE E LÓGICA | I20: 1676.69 | J20: =IF(ISBLANK(I20),"",SUM(H20:I20)) -> 1676.69 | K20: =IF(ISBLANK(I20),0,ROUND(J20*(1+$F$10)*(1+$F$11*E20),2)) -> 2005.66 | L20: un | M20: 1 | N20: =K20 -> 2005.66 | O20: =IF(ISBLANK(N20),0,ROUND(M20*N20,2)) -> 2005.66 | R20: =ROUND(Q20*M20,2) -> 0 | T20: X | U20: X | V20: X | W20: X
B21: C1622 | C21: SEINFRA | D21: Instalação provisória de água e sanitário | I21: 3512.61 | J21: =IF(ISBLANK(I21),"",SUM(H21:I21)) -> 3512.61 | K21: =IF(ISBLANK(I21),0,ROUND(J21*(1+$F$10)*(1+$F$11*E21),2)) -> 4201.78 | L21: un | M21: 1 | N21: =K21 -> 4201.78 | O21: =IF(ISBLANK(N21),0,ROUND(M21*N21,2)) -> 4201.78 | R21: =ROUND(Q21*M21,2) -> 0 | T21: X | U21: X | V21: X | W21: X
B22: C2831 | C22: SEINFRA | D22: FOSSA SUMIDOURO PARA BARRACÃO | I22: 2511.33 | J22: =IF(ISBLANK(I22),"",SUM(H22:I22)) -> 2511.33 | K22: =IF(ISBLANK(I22),0,ROUND(J22*(1+$F$10)*(1+$F$11*E22),2)) -> 3004.05 | L22: un | M22: 1 | N22: =K22 -> 3004.05 | O22: =IF(ISBLANK(N22),0,ROUND(M22*N22,2)) -> 3004.05 | R22: =ROUND(Q22*M22,2) -> 0 | T22: X | U22: X | V22: X | W22: X
B23: C2946 | C23: SEINFRA | D23: Sanitários e chuveiros | I23: 270.58 | J23: =IF(ISBLANK(I23),"",SUM(H23:I23)) -> 270.58 | K23: =IF(ISBLANK(I23),0,ROUND(J23*(1+$F$10)*(1+$F$11*E23),2)) -> 323.67 | L23: m² | M23: 6 | N23: =K23 -> 323.67 | O23: =IF(ISBLANK(N23),0,ROUND(M23*N23,2)) -> 1942.02 | R23: =ROUND(Q23*M23,2) -> 0 | T23: X | U23: X | V23: X | W23: X
B24: C0370 | C24: SEINFRA | D24: Barracão para escritório | I24: 6807.23 | J24: =IF(ISBLANK(I24),"",SUM(H24:I24)) -> 6807.23 | K24: =IF(ISBLANK(J24),0,ROUND(J24*(1+$F$10)*(1+$F$11*E24),2)) -> 8142.81 | L24: un | M24: 1 | N24: =K24 -> 8142.81 | O24: =IF(ISBLANK(N24),0,ROUND(M24*N24,2)) -> 8142.81 | R24: =ROUND(Q24*M24,2) -> 0 | T24: x | U24: x | V24: x | W24: x
B25: C2936 | C25: SEINFRA | D25: Local para refeições / Refeitório | I25: 353.19 | J25: =IF(ISBLANK(I25),"",SUM(H25:I25)) -> 353.19 | K25: =IF(ISBLANK(J25),0,ROUND(J25*(1+$F$10)*(1+$F$11*E25),2)) -> 422.49 | L25: m² | M25: 15 | N25: =K25 -> 422.49 | O25: =IF(ISBLANK(N25),0,ROUND(M25*N25,2)) -> 6337.35 | R25: =ROUND(Q25*M25,2) -> 0 | T25: x | U25: x | V25: x | W25: x
B26: 1001004 | C26: SANEPAR | D26: Barracão fechado para materiais | I26: 500.18 | J26: =IF(ISBLANK(I26),"",SUM(H26:I26)) -> 500.18 | K26: =IF(ISBLANK(J26),0,ROUND(J26*(1+$F$10)*(1+$F$11*E26),2)) -> 598.32 | L26: m² | M26: 72 | N26: =K26 -> 598.32 | O26: =IF(ISBLANK(N26),0,ROUND(M26*N26,2)) -> 43079.04 | R26: =ROUND(Q26*M26,2) -> 0 | T26: x | U26: x | V26: x | W26: x
B27: 1001005 | C27: SANEPAR | D27: Barracão aberto | I27: 232.87 | J27: =IF(ISBLANK(I27),"",SUM(H27:I27)) -> 232.87 | K27: =IF(ISBLANK(J27),0,ROUND(J27*(1+$F$10)*(1+$F$11*E27),2)) -> 278.56 | L27: m² | M27: 40 | N27: =K27 -> 278.56 | O27: =IF(ISBLANK(N27),0,ROUND(M27*N27,2)) -> 11142.4 | R27: =ROUND(Q27*M27,2) -> 0 | T27: x | U27: x | V27: x | W27: x
B28: 98525 | C28: SINAPI | D28: Limpeza mecanizada de camada vegetal | I28: 0.69 | J28: =IF(ISBLANK(I28),"",SUM(H28:I28)) -> 0.69 | K28: =IF(ISBLANK(I28),0,ROUND(J28*(1+$F$10)*(1+$F$11*E28),2)) -> 0.83 | L28: m2 | M28: 5419 | N28: =K28 -> 0.83 | O28: =IF(ISBLANK(N28),0,ROUND(M28*N28,2)) -> 4497.77 | R28: =ROUND(Q28*M28,2) -> 0 | T28: x | U28: x | V28: x | W28: x
R29: =ROUND(Q29*M29,2) -> 0
B30: 2 | D30: ADMINISTRAÇÃO LOCAL | P30: =SUM(O31:O32) -> 195350.4 | S30: =SUM(R31:R32) -> 0 | T30: X | U30: X | V30: X | W30: X
B31: 90777 | C31: SINAPI | D31: ENGENHEIRO CIVIL DE OBRA JUNIOR COM ENCARGOS COMPLEMENTARES (20Hrs/semana) | I31: 113.41 | J31: =IF(ISBLANK(I31),"",SUM(H31:I31)) -> 113.41 | K31: =IF(ISBLANK(J31),0,ROUND(J31*(1+$F$10)*(1+$F$11*E31),2)) -> 135.66 | L31: H | M31: 1440 | N31: =K31 -> 135.66 | O31: =IF(ISBLANK(N31),0,ROUND(M31*N31,2)) -> 195350.4 | R31: =ROUND(Q31*M31,2) -> 0 | T31: X | U31: X | V31: X | W31: X
K32: =IF(ISBLANK(J32),0,ROUND(J32*(1+$F$10)*(1+$F$11*E32),2)) -> 0 | N32: =K32 -> 0 | O32: =IF(ISBLANK(N32),0,ROUND(M32*N32,2)) -> 0
A33: 2 | B33: 3 | D33: TERRAPLENAGEM | N33: =K33 -> 0 | P33: =SUM(O34:O40) -> 107440.57 | S33: =SUM(R34:R40) -> 0 | T33: x | U33: =IF(T33="X","x",IF(T33="xx","x",IF(T33="xy","x",IF(T33="y","x",IF(OR(O33>0,#REF!>0),"x",""))))) -> x | V33: =IF(T33="X","x",IF(T33="y","x",IF(T33="xx","x",IF(#REF!>0,"x","")))) -> x | W33: =IF(T33="X","x",IF(#REF!>0,"x","")) -> x
A34: 401200 | B34: 105137 | C34: SINAPI | D34: Locação de pavimentação.AF_03/2024 | I34: 0.72 | J34: =IF(ISBLANK(I34),"",SUM(H34:I34)) -> 0.72 | K34: =IF(ISBLANK(I34),0,ROUND(J34*(1+$F$10)*(1+$F$11*E34),2)) -> 0.86 | L34: m | M34: 1694.23 | N34: =K34 -> 0.86 | O34: =IF(ISBLANK(N34),0,ROUND(M34*N34,2)) -> 1457.04 | R34: =ROUND(Q34*M34,2) -> 0 | T34: x | U34: x | V34: x | W34: x
A35: 101114 | B35: 520100A | C35: DER | D35: Escavação e carga mat. 1a. cat./sem transporte | G35: 0 | I35: 5.62 | J35: =IF(ISBLANK(I35),"",SUM(H35:I35)) -> 5.62 | K35: =IF(ISBLANK(I35),0,ROUND(J35*(1+$F$10)*(1+$F$11*E35),2)) -> 6.72 | L35: m3 | M35: =897.76+320.93 -> 1218.69 | N35: =K35 -> 6.72 | O35: =IF(ISBLANK(N35),0,ROUND(M35*N35,2)) -> 8189.6 | R35: =ROUND(Q35*M35,2) -> 0 | T35: X | U35: =IF(T35="X","x",IF(T35="xx","x",IF(T35="xy","x",IF(T35="y","x",IF(OR(O35>0,#REF!>0),"x",""))))) -> x | V35: =IF(T35="X","x",IF(T35="y","x",IF(T35="xx","x",IF(#REF!>0,"x","")))) -> x | W35: =IF(T35="X","x",IF(#REF!>0,"x","")) -> x
A36: 101119 | B36: 95875 | C36: SINAPI | D36: Transporte com caminhão basculante de 10m³, em via urbana pavimentada, DMT até 30km (DMT de projeto 6km - trecho até Reciclinho) | I36: 2.53 | J36: =IF(ISBLANK(I36),"",SUM(H36:I36)) -> 2.53 | K36: =IF(ISBLANK(I36),0,ROUND(J36*(1+$F$10)*(1+$F$11*E36),2)) -> 3.03 | L36: m3X km | M36: =ROUND(M35*7.1,2) -> 8652.7 | N36: =K36 -> 3.03 | O36: =IF(ISBLANK(N36),0,ROUND(M36*N36,2)) -> 26217.68 | R36: =ROUND(Q36*M36,2) -> 0 | T36: x | U36: =IF(T36="X","x",IF(T36="xx","x",IF(T36="xy","x",IF(T36="y","x",IF(OR(O36>0,#REF!>0),"x",""))))) -> x | V36: =IF(T36="X","x",IF(T36="y","x",IF(T36="xx","x",IF(#REF!>0,"x","")))) -> x | W36: =IF(T36="X","x",IF(#REF!>0,"x","")) -> x
B37: 94306 | C37: SINAPI | D37: ATERRO MECANIZADO COM ESCAVADEIRA HIDRÁULICA (CAPACIDADE DA CAÇAMBA: 0,8 M³ / POTÊNCIA: 111 HP), LARGURA ATÉ 2,5 M, PROFUNDIDADE DE 1,5 A 3,0 M, COM SOLO ARGILO-ARENOSO. AF_08/2023 | I37: 70.51 | J37: =IF(ISBLANK(I37),"",SUM(H37:I37)) -> 70.51 | K37: =IF(ISBLANK(I37),0,ROUND(J37*(1+$F$10)*(1+$F$11*E37),2)) -> 84.34 | L37: m3 | M37: =888.8-320.93 -> 567.87 | N37: =K37 -> 84.34 | O37: =IF(ISBLANK(N37),0,ROUND(M37*N37,2)) -> 47894.16 | R37: =ROUND(Q37*M37,2) -> 0 | T37: x | U37: x | V37: x | W37: x
A38: 430210 | B38: C3210 | C38: SEINFRA | D38: Escavação, Carga e Transporte 3ª Cat. (ROCHA) | H38: =IF(F38<=30,(1.07*F38+2.68)*G38,((1.07*30+2.68)+1.07*(F38-30))*G38) -> 0 | I38: 50.58 | J38: =IF(ISBLANK(I38),"",SUM(H38:I38)) -> 50.58 | K38: =IF(ISBLANK(I38),0,ROUND(J38*(1+$F$10)*(1+$F$11*E38),2)) -> 60.5 | L38: m3 | M38: 288.76 | N38: =K38 -> 60.5 | O38: =IF(ISBLANK(N38),0,ROUND(M38*N38,2)) -> 17469.98 | R38: =ROUND(Q38*M38,2) -> 0 | T38: x | U38: =IF(T38="X","x",IF(T38="xx","x",IF(T38="xy","x",IF(T38="y","x",IF(OR(O38>0,#REF!>0),"x",""))))) -> x | V38: =IF(T38="X","x",IF(T38="y","x",IF(T38="xx","x",IF(#REF!>0,"x","")))) -> x | W38: =IF(T38="X","x",IF(#REF!>0,"x","")) -> x
B39: 95875 | C39: SINAPI | D39: TRANSPORTE COM CAMINHÃO BASCULANTE DE 10 M³, EM VIA URBANA PAVIMENTADA, DMT ATÉ 30 KM (UNIDADE: M3XKM). AF_07/2020 (DMT = 7,1KM / TRECHO ATÉ BOTA FORA) | I39: 2.53 | J39: =IF(ISBLANK(I39),"",SUM(H39:I39)) -> 2.53 | K39: =IF(ISBLANK(I39),0,ROUND(J39*(1+$F$10)*(1+$F$11*E39),2)) -> 3.03 | L39: m3XKm | M39: =ROUND(M38*7.1,2) -> 2050.2 | N39: =K39 -> 3.03 | O39: =IF(ISBLANK(N39),0,ROUND(M39*N39,2)) -> 6212.11 | R39: =ROUND(Q39*M39,2) -> 0 | T39: x | U39: x | V39: x | W39: x
K40: =IF(ISBLANK(J40),0,ROUND(J40*(1+$F$10)*(1+$F$11*E40),2)) -> 0 | N40: =K40 -> 0 | O40: =IF(ISBLANK(N40),0,ROUND(M40*N40,2)) -> 0 | R40: =ROUND(Q40*M40,2) -> 0
A41: 3 | B41: 4 | D41: BASE / SUB-BASE | N41: =K41 -> 0 | P41: =SUM(O42:O47) -> 838301.35 | S41: =SUM(R42:R47) -> 0 | T41: x | U41: =IF(T41="X","x",IF(T41="xx","x",IF(T41="xy","x",IF(T41="y","x",IF(OR(O41>0,#REF!>0),"x",""))))) -> x | V41: =IF(T41="X","x",IF(T41="y","x",IF(T41="xx","x",IF(#REF!>0,"x","")))) -> x | W41: =IF(T41="X","x",IF(#REF!>0,"x","")) -> x
A42: 511100 | B42: 100576 | C42: SINAPI | D42: REGULARIZAÇÃO E COMPACTAÇÃO DE SUBLEITO DE SOLO PREDOMINANTEMENTE ARGILOSO, PARA OBRAS DE CONSTRUÇÃO DE PAVIMENTOS. AF_09/2024 | G42: 0 | H42: 0 | I42: 2.37 | J42: =IF(ISBLANK(I42),"",SUM(H42:I42)) -> 2.37 | K42: =IF(ISBLANK(I42),0,ROUND(J42*(1+$F$10)*(1+$F$11*E42),2)) -> 2.83 | L42: m2 | M42: =12717.84 -> 12717.84 | N42: =K42 -> 2.83 | O42: =IF(ISBLANK(N42),0,ROUND(M42*N42,2)) -> 35991.49 | R42: =ROUND(Q42*M42,2) -> 0 | T42: x | U42: =IF(T42="X","x",IF(T42="xx","x",IF(T42="xy","x",IF(T42="y","x",IF(OR(O42>0,#REF!>0),"x",""))))) -> x | V42: =IF(T42="X","x",IF(T42="y","x",IF(T42="xx","x",IF(#REF!>0,"x","")))) -> x | W42: =IF(T42="X","x",IF(#REF!>0,"x","")) -> x
B43: 105752 | C43: SINAPI | D43: CONSTRUÇÃO DE BASE E SUB-BASE PARA PAVIMENTAÇÃO DE RACHÃO, COM ESPESSURA DE 20 CM - EXCLUSIVE CARGA E TRANSPORTE. AF_09/2024 | H43: =IF(F43<=30,(1.07*F43+2.68)*G43,((1.07*30+2.68)+1.07*(F43-30))*G43) -> 0 | I43: 111.04 | J43: =IF(ISBLANK(I43),"",SUM(H43:I43)) -> 111.04 | K43: =IF(ISBLANK(I43),0,ROUND(J43*(1+$F$10)*(1+$F$11*E43),2)) -> 132.83 | L43: m3 | M43: =ROUND(M42*0.2,2)+362.21 -> 2905.78 | N43: =K43 -> 132.83 | O43: =IF(ISBLANK(N43),0,ROUND(M43*N43,2)) -> 385974.76 | R43: =ROUND(Q43*M43,2) -> 0 | T43: X | U43: X | V43: X | W43: X
B44: 95875 | C44: SINAPI | D44: TRANSPORTE COM CAMINHÃO BASCULANTE DE 10 M³, EM VIA URBANA PAVIMENTADA, DMT ATÉ 30 KM (UNIDADE: M3XKM). AF_07/2020 (DMT = 8,6KM / PEDREIRA ATÉ O TRECHO) | I44: 2.53 | J44: =IF(ISBLANK(I44),"",SUM(H44:I44)) -> 2.53 | K44: =IF(ISBLANK(I44),0,ROUND(J44*(1+$F$10)*(1+$F$11*E44),2)) -> 3.03 | L44: m4 | M44: =ROUND(M43*8.6,2) -> 24989.71 | N44: =K44 -> 3.03 | O44: =IF(ISBLANK(N44),0,ROUND(M44*N44,2)) -> 75718.82 | R44: =ROUND(Q44*M44,2) -> 0 | T44: X | U44: X | V44: X | W44: X
B45: 96396 | C45: SINAPI | D45: CONSTRUÇÃO DE BASE E SUB-BASE PARA PAVIMENTAÇÃO DE BRITA GRADUADA SIMPLES, COM ESPESSURA DE 15 CM - EXCLUSIVE CARGA E TRANSPORTE. AF_09/2024 | H45: =IF(F45<=30,(1.07*F45+2.68)*G45,((1.07*30+2.68)+1.07*(F45-30))*G45) -> 0 | I45: 119.44 | J45: =IF(ISBLANK(I45),"",SUM(H45:I45)) -> 119.44 | K45: =IF(ISBLANK(I45),0,ROUND(J45*(1+$F$10)*(1+$F$11*E45),2)) -> 142.87 | L45: m3 | M45: =ROUND(M42*0.15,2)+108.66 -> 2016.34 | N45: =K45 -> 142.87 | O45: =IF(ISBLANK(N45),0,ROUND(M45*N45,2)) -> 288074.5 | R45: =ROUND(Q45*M45,2) -> 0 | T45: X | U45: X | V45: X | W45: X
B46: 95875 | C46: SINAPI | D46: TRANSPORTE COM CAMINHÃO BASCULANTE DE 10 M³, EM VIA URBANA PAVIMENTADA, DMT ATÉ 30 KM (UNIDADE: M3XKM). AF_07/2020 (DMT = 8,6KM / PEDREIRA ATÉ O TRECHO) | I46: 2.53 | J46: =IF(ISBLANK(I46),"",SUM(H46:I46)) -> 2.53 | K46: =IF(ISBLANK(I46),0,ROUND(J46*(1+$F$10)*(1+$F$11*E46),2)) -> 3.03 | L46: m4 | M46: =ROUND(M45*8.6,2) -> 17340.52 | N46: =K46 -> 3.03 | O46: =IF(ISBLANK(N46),0,ROUND(M46*N46,2)) -> 52541.78 | R46: =ROUND(Q46*M46,2) -> 0 | T46: X | U46: X | V46: X | W46: X
K47: =IF(ISBLANK(J47),0,ROUND(J47*(1+$F$10)*(1+$F$11*E47),2)) -> 0 | N47: =K47 -> 0 | O47: =IF(ISBLANK(N47),0,ROUND(M47*N47,2)) -> 0 | R47: =ROUND(Q47*M47,2) -> 0
A48: 4 | B48: 5 | D48: PAVIMENTAÇÃO ASFÁLTICA | N48: =K48 -> 0 | P48: =SUM(O49:O65)/2 -> 3223426 | S48: =SUM(R49:R65) -> 0 | T48: x | U48: =IF(T48="X","x",IF(T48="xx","x",IF(T48="xy","x",IF(T48="y","x",IF(OR(O48>0,#REF!>0),"x",""))))) -> x | V48: =IF(T48="X","x",IF(T48="y","x",IF(T48="xx","x",IF(#REF!>0,"x","")))) -> x | W48: =IF(T48="X","x",IF(#REF!>0,"x","")) -> x
B49: 5.1 | D49: REPERFILAGEM | O49: =SUM(O50:O56) -> 807072.96 | R49: =ROUND(Q49*M49,2) -> 0
B50: PAV-085 | C50: PM curitiba | D50: Limpeza e Lavagem da pista ( Recape ) | I50: 0.5 | J50: =IF(ISBLANK(I50),"",SUM(H50:I50)) -> 0.5 | K50: =IF(ISBLANK(I50),0,ROUND(J50*(1+$F$10)*(1+$F$11*E50),2)) -> 0.6 | L50: m2 | M50: 12586.04 | N50: =K50 -> 0.6 | O50: =IF(ISBLANK(N50),0,ROUND(M50*N50,2)) -> 7551.62 | R50: =ROUND(Q50*M50,2) -> 0 | T50: X | U50: X | V50: X | W50: X
B51: 561100A | C51: DER | D51: Pintura de ligação com RR-1C - exclusive emulsão | F51: taxa RR-1C | G51: 0.0005 | I51: 0.34 | J51: =IF(ISBLANK(I51),"",SUM(H51:I51)) -> 0.34 | K51: =IF(ISBLANK(I51),0,ROUND(J51*(1+$F$10)*(1+$F$11*E51),2)) -> 0.41 | L51: m2 | M51: 13310.45 | N51: =K51 -> 0.41 | O51: =IF(ISBLANK(N51),0,ROUND(M51*N51,2)) -> 5457.28 | R51: =ROUND(Q51*M51,2) -> 0 | T51: X | U51: X | V51: X | W51: X
B52: 589420B | C52: DER mat | D52: Fornecimento de emulsão RR-1C - pintura de ligação | F52: 287 | G52: 1 | H52: =(0.84*F52+41.45)*G52 -> 282.53 | I52: 3861.37 | J52: =IF(ISBLANK(I52),"",SUM(H52:I52)) -> 4143.9 | K52: =IF(ISBLANK(I52),0,ROUND(H52*(1+$F$10)+I52*(1+$F$9),2)) -> 4789.35 | L52: ton | M52: =ROUND(M51*G51,2) -> 6.66 | N52: =K52 -> 4789.35 | O52: =IF(ISBLANK(N52),0,ROUND(M52*N52,2)) -> 31897.07 | R52: =ROUND(Q52*M52,2) -> 0 | T52: X | U52: X | V52: X | W52: X
B53: COMP006 | C53: COMPOSIÇÃO | D53: EXECUÇÃO DE PAVIMENTO COM APLICAÇÃO DE CONCRETO ASFÁLTICO "FAIXA F", CAMADA DE REPERFILAMENTO - EXCLUSIVE CARGA E TRANSPORTE. AF_11/2019 | I53: 1519.61 | J53: =IF(ISBLANK(I53),"",SUM(H53:I53)) -> 1519.61 | K53: =IF(ISBLANK(I53),0,ROUND(H53*(1+$F$10)+I53*(1+$F$9),2)) -> 1751.81 | L53: m3 | M53: =ROUND(M51*0.03,2) -> 399.31 | N53: =K53 -> 1751.81 | O53: =IF(ISBLANK(N53),0,ROUND(M53*N53,2)) -> 699515.25 | R53: =ROUND(Q53*M53,2) -> 0 | T53: X | U53: X | V53: X | W53: X
B54: 95875 | C54: SINAPI | D54: TRANSPORTE COM CAMINHÃO BASCULANTE DE 10 M³, EM VIA URBANA PAVIMENTADA, DMT ATÉ 30 KM (UNIDADE: M3XKM). AF_07/2020 (DMT = 85KM / USINA ATÉ O TRECHO) | I54: 2.53 | J54: =IF(ISBLANK(I54),"",SUM(H54:I54)) -> 2.53 | K54: =IF(ISBLANK(I54),0,ROUND(J54*(1+$F$10)*(1+$F$11*E54),2)) -> 3.03 | L54: m3xKM | M54: =ROUND(M53*30,2) -> 11979.3 | N54: =K54 -> 3.03 | O54: =IF(ISBLANK(N54),0,ROUND(M54*N54,2)) -> 36297.28 | R54: =ROUND(Q54*M54,2) -> 0 | T54: X | U54: X | V54: X | W54: X | X54: =M50+M58 -> 26028.29
B55: 93590 | C55: SINAPI | D55: TRANSPORTE COM CAMINHÃO BASCULANTE DE 10 M³, EM VIA URBANA PAVIMENTADA, ADICIONAL PARA DMT EXCEDENTE A 30 KM (UNIDADE: M3XKM). AF_07/2020 | I55: 1 | J55: =IF(ISBLANK(I55),"",SUM(H55:I55)) -> 1 | K55: =IF(ISBLANK(I55),0,ROUND(J55*(1+$F$10)*(1+$F$11*E55),2)) -> 1.2 | L55: m3xKM | M55: =ROUND(M53*55,2) -> 21962.05 | N55: =K55 -> 1.2 | O55: =IF(ISBLANK(N55),0,ROUND(M55*N55,2)) -> 26354.46 | R55: =ROUND(Q55*M55,2) -> 0 | T55: X | U55: X | V55: X | W55: X
R56: =ROUND(Q56*M56,2) -> 0
B57: 5.2 | D57: CAPA DE ROLAMENTO - LOMBADAS | O57: =SUM(O58:O65) -> 2416353 | R57: =ROUND(Q57*M57,2) -> 0
A58: 96402 | B58: 560100B | C58: DER | D58: Imprimação com Emulsão EAI - exclusive emulsão | F58: taxa RR-1C | G58: 0.0011 | I58: 0.49 | J58: =IF(ISBLANK(I58),"",SUM(H58:I58)) -> 0.49 | K58: =IF(ISBLANK(I58),0,ROUND(J58*(1+$F$10)*(1+$F$11*E58),2)) -> 0.59 | L58: m2 | M58: =M42+724.41 -> 13442.25 | N58: =K58 -> 0.59 | O58: =IF(ISBLANK(N58),0,ROUND(M58*N58,2)) -> 7930.93 | R58: =ROUND(Q58*M58,2) -> 0 | T58: x | U58: =IF(T58="X","x",IF(T58="xx","x",IF(T58="xy","x",IF(T58="y","x",IF(OR(O58>0,#REF!>0),"x",""))))) -> x | V58: =IF(T58="X","x",IF(T58="y","x",IF(T58="xx","x",IF(#REF!>0,"x","")))) -> x | W58: =IF(T58="X","x",IF(#REF!>0,"x","")) -> x
B59: 589190A | C59: DER mat | D59: Fornecimento de emulsão EAI - imprimação | F59: 287 | G59: 1 | H59: =(0.84*F59+41.45)*G59 -> 282.53 | I59: 3392.07 | J59: =IF(ISBLANK(I59),"",SUM(H59:I59)) -> 3674.6 | K59: =IF(ISBLANK(I59),0,ROUND(H59*(1+$F$10)+I59*(1+$F$9),2)) -> 4248.34 | L59: ton | M59: =ROUND(M58*G58,2) -> 14.79 | N59: =K59 -> 4248.34 | O59: =IF(ISBLANK(N59),0,ROUND(M59*N59,2)) -> 62832.95 | R59: =ROUND(Q59*M59,2) -> 0 | T59: x | U59: =IF(T59="X","x",IF(T59="xx","x",IF(T59="xy","x",IF(T59="y","x",IF(OR(O59>0,#REF!>0),"x",""))))) -> x | V59: =IF(T59="X","x",IF(T59="y","x",IF(T59="xx","x",IF(#REF!>0,"x","")))) -> x | W59: =IF(T59="X","x",IF(#REF!>0,"x","")) -> x
A60: 96402 | B60: 561100A | C60: DER | D60: Pintura de ligação com RR-1C - exclusive emulsão | F60: taxa RR-1C | G60: 0.0005 | I60: 0.34 | J60: =IF(ISBLANK(I60),"",SUM(H60:I60)) -> 0.34 | K60: =IF(ISBLANK(I60),0,ROUND(J60*(1+$F$10)*(1+$F$11*E60),2)) -> 0.41 | L60: m2 | M60: =M58+13310.45 -> 26752.7 | N60: =K60 -> 0.41 | O60: =IF(ISBLANK(N60),0,ROUND(M60*N60,2)) -> 10968.61 | R60: =ROUND(Q60*M60,2) -> 0 | T60: x | U60: =IF(T60="X","x",IF(T60="xx","x",IF(T60="xy","x",IF(T60="y","x",IF(OR(O60>0,#REF!>0),"x",""))))) -> x | V60: =IF(T60="X","x",IF(T60="y","x",IF(T60="xx","x",IF(#REF!>0,"x","")))) -> x | W60: =IF(T60="X","x",IF(#REF!>0,"x","")) -> x
B61: 589420B | C61: DER mat | D61: Fornecimento de emulsão RR-1C - pintura de ligação | F61: 287 | G61: 1 | H61: =(0.84*F61+41.45)*G61 -> 282.53 | I61: 3861.37 | J61: =IF(ISBLANK(I61),"",SUM(H61:I61)) -> 4143.9 | K61: =IF(ISBLANK(I61),0,ROUND(H61*(1+$F$10)+I61*(1+$F$9),2)) -> 4789.35 | L61: ton | M61: =ROUND(M60*G60,2) -> 13.38 | N61: =K61 -> 4789.35 | O61: =IF(ISBLANK(N61),0,ROUND(M61*N61,2)) -> 64081.5 | R61: =ROUND(Q61*M61,2) -> 0 | T61: x | U61: =IF(T61="X","x",IF(T61="xx","x",IF(T61="xy","x",IF(T61="y","x",IF(OR(O61>0,#REF!>0),"x",""))))) -> x | V61: =IF(T61="X","x",IF(T61="y","x",IF(T61="xx","x",IF(#REF!>0,"x","")))) -> x | W61: =IF(T61="X","x",IF(#REF!>0,"x","")) -> x
B62: 95995 | C62: SINAPI | D62: EXECUÇÃO DE PAVIMENTO COM APLICAÇÃO DE CONCRETO ASFÁLTICO, CAMADA DE ROLAMENTO - EXCLUSIVE CARGA E TRANSPORTE. AF_11/2019 | I62: 1499.05 | J62: =IF(ISBLANK(I62),"",SUM(H62:I62)) -> 1499.05 | K62: =IF(ISBLANK(I62),0,ROUND(H62*(1+$F$10)+I62*(1+$F$9),2)) -> 1728.1 | L62: m3 | M62: =ROUND(M58*0.05,2)+532.42 -> 1204.53 | N62: =K62 -> 1728.1 | O62: =IF(ISBLANK(N62),0,ROUND(M62*N62,2)) -> 2081548.3 | R62: =ROUND(Q62*M62,2) -> 0 | T62: X | U62: =IF(T62="X","x",IF(T62="xx","x",IF(T62="xy","x",IF(T62="y","x",IF(OR(O62>0,#REF!>0),"x",""))))) -> x | V62: =IF(T62="X","x",IF(T62="y","x",IF(T62="xx","x",IF(#REF!>0,"x","")))) -> x | W62: =IF(T62="X","x",IF(#REF!>0,"x","")) -> x
B63: 95875 | C63: SINAPI | D63: TRANSPORTE COM CAMINHÃO BASCULANTE DE 10 M³, EM VIA URBANA PAVIMENTADA, DMT ATÉ 30 KM (UNIDADE: M3XKM). AF_07/2020 (DMT = 85KM / USINA ATÉ O TRECHO) | I63: 2.53 | J63: =IF(ISBLANK(I63),"",SUM(H63:I63)) -> 2.53 | K63: =IF(ISBLANK(I63),0,ROUND(J63*(1+$F$10)*(1+$F$11*E63),2)) -> 3.03 | L63: m3xKM | M63: =ROUND(M62*30,2) -> 36135.9 | N63: =K63 -> 3.03 | O63: =IF(ISBLANK(N63),0,ROUND(M63*N63,2)) -> 109491.78 | R63: =ROUND(Q63*M63,2) -> 0 | T63: X | U63: X | V63: =IF(T63="X","x",IF(T63="y","x",IF(T63="xx","x",IF(#REF!>0,"x","")))) -> x | W63: =IF(T63="X","x",IF(#REF!>0,"x","")) -> x
B64: 93590 | C64: SINAPI | D64: TRANSPORTE COM CAMINHÃO BASCULANTE DE 10 M³, EM VIA URBANA PAVIMENTADA, ADICIONAL PARA DMT EXCEDENTE A 30 KM (UNIDADE: M3XKM). AF_07/2020 | I64: 1 | J64: =IF(ISBLANK(I64),"",SUM(H64:I64)) -> 1 | K64: =IF(ISBLANK(I64),0,ROUND(J64*(1+$F$10)*(1+$F$11*E64),2)) -> 1.2 | L64: m3xKM | M64: =ROUND(M62*55,2) -> 66249.15 | N64: =K64 -> 1.2 | O64: =IF(ISBLANK(N64),0,ROUND(M64*N64,2)) -> 79498.98 | R64: =ROUND(Q64*M64,2) -> 0 | T64: X | U64: X | V64: =IF(T64="X","x",IF(T64="y","x",IF(T64="xx","x",IF(#REF!>0,"x","")))) -> x | W64: =IF(T64="X","x",IF(#REF!>0,"x","")) -> x
R65: =ROUND(Q65*M65,2) -> 0
A66: 5 | B66: 6 | D66: MEIO-FIO E SARJETA | N66: =K66 -> 0 | P66: =SUM(O67:O71) -> 324370.25 | S66: =SUM(R67:R71) -> 0 | T66: x | U66: =IF(T66="X","x",IF(T66="xx","x",IF(T66="xy","x",IF(T66="y","x",IF(OR(O66>0,#REF!>0),"x",""))))) -> x | V66: =IF(T66="X","x",IF(T66="y","x",IF(T66="xx","x",IF(#REF!>0,"x","")))) -> x | W66: =IF(T66="X","x",IF(#REF!>0,"x","")) -> x
A67: PAV-071 | B67: PAV-071 | C67: PM curitiba | D67: Arrancamento de Meio-Fio | I67: 12.4 | J67: =IF(ISBLANK(I67),"",SUM(H67:I67)) -> 12.4 | K67: =IF(ISBLANK(I67),0,ROUND(J67*(1+$F$10)*(1+$F$11*E67),2)) -> 14.83 | L67: m | M67: =98+1831 -> 1929 | N67: =K67 -> 14.83 | O67: =IF(ISBLANK(N67),0,ROUND(M67*N67,2)) -> 28607.07 | R67: =ROUND(Q67*M67,2) -> 0 | T67: X | U67: =IF(T67="X","x",IF(T67="xx","x",IF(T67="xy","x",IF(T67="y","x",IF(OR(O67>0,#REF!>0),"x",""))))) -> x | V67: =IF(T67="X","x",IF(T67="y","x",IF(T67="xx","x",IF(#REF!>0,"x","")))) -> x | W67: =IF(T67="X","x",IF(#REF!>0,"x","")) -> x
B68: 810150 | C68: DER | D68: Meio-Fio com Sarjeta DER - Tipo 2 - (0,042 m3) - Pré-Moldado | F68: 85 | G68: 0.0982 | H68: =IF(F68<=30,(1.07*F68+2.68)*G68,((1.07*30+2.68)+1.07*(F68-30))*G68) -> 9.194466 | I68: 46.42 | J68: =IF(ISBLANK(I68),"",SUM(H68:I68)) -> 55.614466 | K68: =IF(ISBLANK(I68),0,ROUND(J68*(1+$F$10)*(1+$F$11*E68),2)) -> 66.53 | L68: m | M68: =2230+420 -> 2650 | N68: =K68 -> 66.53 | O68: =IF(ISBLANK(N68),0,ROUND(M68*N68,2)) -> 176304.5 | R68: =ROUND(Q68*M68,2) -> 0 | T68: x | U68: x | V68: =IF(T68="X","x",IF(T68="y","x",IF(T68="xx","x",IF(#REF!>0,"x","")))) -> x | W68: =IF(T68="X","x",IF(#REF!>0,"x","")) -> x
B69: 810650 | C69: DER | D69: Meio-Fio com Sarjeta DER - Tipo 7 - (0,031 m3) - Pré-Moldado | F69: 85 | G69: 0.0726 | H69: =IF(F69<=30,(1.07*F69+2.68)*G69,((1.07*30+2.68)+1.07*(F69-30))*G69) -> 6.797538 | I69: 39.09 | J69: =IF(ISBLANK(I69),"",SUM(H69:I69)) -> 45.887538 | K69: =IF(ISBLANK(I69),0,ROUND(J69*(1+$F$10)*(1+$F$11*E69),2)) -> 54.89 | L69: m | M69: 732 | N69: =K69 -> 54.89 | O69: =IF(ISBLANK(N69),0,ROUND(M69*N69,2)) -> 40179.48 | R69: =ROUND(Q69*M69,2) -> 0 | T69: x | U69: x | V69: =IF(T69="X","x",IF(T69="y","x",IF(T69="xx","x",IF(#REF!>0,"x","")))) -> x | W69: =IF(T69="X","x",IF(#REF!>0,"x","")) -> x
C70: DER | D70: Meio-Fio Reto DER - Tipo 3 - Pré-Moldado | F70: 85 | G70: 0.034 | H70: =IF(F70<=30,(1.07*F70+2.68)*G70,((1.07*30+2.68)+1.07*(F70-30))*G70) -> 3.18342 | I70: 36.27 | J70: =IF(ISBLANK(I70),"",SUM(H70:I70)) -> 39.45342 | K70: =IF(ISBLANK(I70),0,ROUND(J70*(1+$F$10)*(1+$F$11*E70),2)) -> 47.19 | L70: m | M70: 1680 | N70: =K70 -> 47.19 | O70: =IF(ISBLANK(N70),0,ROUND(M70*N70,2)) -> 79279.2 | R70: =ROUND(Q70*M70,2) -> 0 | T70: x | U70: x | V70: x | W70: =IF(T70="X","x",IF(#REF!>0,"x","")) -> x
R71: =ROUND(Q71*M71,2) -> 0
A72: 6 | B72: 7 | D72: SERVIÇOS DE URBANIZAÇÃO | N72: =K72 -> 0 | P72: =SUM(O73:O83) -> 680805 | S72: =SUM(R73:R83) -> 0 | T72: x | U72: =IF(T72="X","x",IF(T72="xx","x",IF(T72="xy","x",IF(T72="y","x",IF(OR(O72>0,#REF!>0),"x",""))))) -> x | V72: =IF(T72="X","x",IF(T72="y","x",IF(T72="xx","x",IF(#REF!>0,"x","")))) -> x | W72: =IF(T72="X","x",IF(#REF!>0,"x","")) -> x
B73: 606700A | C73: DER | D73: Demolição de Concreto Símples | I73: 148.04 | J73: =IF(ISBLANK(I73),"",SUM(H73:I73)) -> 148.04 | K73: =IF(ISBLANK(I73),0,ROUND(J73*(1+$F$10)*(1+$F$11*E73),2)) -> 177.09 | L73: m3 | M73: 14.5 | N73: =K73 -> 177.09 | O73: =IF(ISBLANK(N73),0,ROUND(M73*N73,2)) -> 2567.81 | R73: =ROUND(Q73*M73,2) -> 0
B74: 95875 | C74: SINAPI | D74: TRANSPORTE COM CAMINHÃO BASCULANTE DE 10 M³, EM VIA URBANA PAVIMENTADA, DMT ATÉ 30 KM (UNIDADE: M3XKM). AF_07/2020 (DMT = 7,1KM / DO TRECHO ATÉ BOTA FORA) | I74: 2.53 | J74: =IF(ISBLANK(I74),"",SUM(H74:I74)) -> 2.53 | K74: =IF(ISBLANK(I74),0,ROUND(J74*(1+$F$10)*(1+$F$11*E74),2)) -> 3.03 | L74: m3 | M74: =ROUND(M73*7.1,2) -> 102.95 | N74: =K74 -> 3.03 | O74: =IF(ISBLANK(N74),0,ROUND(M74*N74,2)) -> 311.94 | R74: =ROUND(Q74*M74,2) -> 0
A75: 810250 | B75: 810250E | C75: DER | D75: Fincadinha de concreto - (9x19x39cm-0,0171m3/m) | F75: 85 | G75: =ROUND(0.017*2.34,4) -> 0.0398 | H75: =IF(F75<=30,(1.07*F75+2.68)*G75,((1.07*30+2.68)+1.07*(F75-30))*G75) -> 3.726474 | I75: 18.24 | J75: =IF(ISBLANK(I75),"",SUM(H75:I75)) -> 21.966474 | K75: =IF(ISBLANK(I75),0,ROUND(J75*(1+$F$10)*(1+$F$11*E75),2)) -> 26.28 | L75: m | M75: =4876+90.7 -> 4966.7 | N75: =K75 -> 26.28 | O75: =IF(ISBLANK(N75),0,ROUND(M75*N75,2)) -> 130524.88 | R75: =ROUND(Q75*M75,2) -> 0 | T75: X | U75: =IF(T75="X","x",IF(T75="xx","x",IF(T75="xy","x",IF(T75="y","x",IF(OR(O75>0,#REF!>0),"x",""))))) -> x | V75: =IF(T75="X","x",IF(T75="y","x",IF(T75="xx","x",IF(#REF!>0,"x","")))) -> x | W75: =IF(T75="X","x",IF(#REF!>0,"x","")) -> x
A76: 100576 | B76: 100576B | C76: SINAPI | D76: Regularização e Compactação p/ assentamento de calçadas/lajotas/blocos | F76: 0 | H76: =IF(F76<=30,(0.62*F76+6.29)*G76,((0.62*30+6.29)+0.62*(F76-30))*G76) -> 0 | I76: 2.43 | J76: =IF(ISBLANK(I76),"",SUM(H76:I76)) -> 2.43 | K76: =IF(ISBLANK(I76),0,ROUND(J76*(1+$F$10)*(1+$F$11*E76),2)) -> 2.91 | L76: m2 | M76: =3646.35+124.75 -> 3771.1 | N76: =K76 -> 2.91 | O76: =IF(ISBLANK(N76),0,ROUND(M76*N76,2)) -> 10973.9 | R76: =ROUND(Q76*M76,2) -> 0 | T76: x | U76: =IF(T76="X","x",IF(T76="xx","x",IF(T76="xy","x",IF(T76="y","x",IF(OR(O76>0,#REF!>0),"x",""))))) -> x | V76: =IF(T76="X","x",IF(T76="y","x",IF(T76="xx","x",IF(#REF!>0,"x","")))) -> x | W76: =IF(T76="X","x",IF(#REF!>0,"x","")) -> x
A77: 603900 | B77: 603900D | C77: DER | D77: Colchão de pó de pedra para assentamento de calçadas | F77: 8.6 | G77: 1.5 | H77: =IF(F77<=30,(1.07*F77+2.68)*G77,((1.07*30+2.68)+1.07*(F77-30))*G77) -> 17.823 | I77: 121.73 | J77: =IF(ISBLANK(I77),"",SUM(H77:I77)) -> 139.553 | K77: =IF(ISBLANK(I77),0,ROUND(J77*(1+$F$10)*(1+$F$11*E77),2)) -> 166.93 | L77: m3 | M77: =ROUND(M76*0.05,2) -> 188.56 | N77: =K77 -> 166.93 | O77: =IF(ISBLANK(N77),0,ROUND(M77*N77,2)) -> 31476.32 | R77: =ROUND(Q77*M77,2) -> 0 | T77: x | U77: =IF(T77="X","x",IF(T77="xx","x",IF(T77="xy","x",IF(T77="y","x",IF(OR(O77>0,#REF!>0),"x",""))))) -> x | V77: =IF(T77="X","x",IF(T77="y","x",IF(T77="xx","x",IF(#REF!>0,"x","")))) -> x | W77: =IF(T77="X","x",IF(#REF!>0,"x","")) -> x
A78: 534906 | B78: 534906K | C78: DER | D78: Paver ou Bloket e=6cm - Podotátil direcional/alerta - sem colchão | F78: 85 | G78: 0.14 | H78: =IF(F78<=30,(1.07*F78+2.68)*G78,((1.07*30+2.68)+1.07*(F78-30))*G78) -> 13.1082 | I78: 78.16 | J78: 81.53 | K78: =IF(ISBLANK(I78),0,ROUND(J78*(1+$F$10)*(1+$F$11*E78),2)) -> 97.53 | L78: m2 | M78: =1043+3.29+31.67 -> 1077.96 | N78: =K78 -> 97.53 | O78: =IF(ISBLANK(N78),0,ROUND(M78*N78,2)) -> 105133.44 | R78: =ROUND(Q78*M78,2) -> 0 | T78: x | U78: =IF(T78="X","x",IF(T78="xx","x",IF(T78="xy","x",IF(T78="y","x",IF(OR(O78>0,#REF!>0),"x",""))))) -> x | V78: =IF(T78="X","x",IF(T78="y","x",IF(T78="xx","x",IF(#REF!>0,"x","")))) -> x | W78: =IF(T78="X","x",IF(#REF!>0,"x","")) -> x
A79: 534906 | B79: 534906L | C79: DER | D79: Paver ou Bloket Colorido e=6cm - sem colchão | F79: 85 | G79: 0.14 | H79: =IF(F79<=30,(1.07*F79+2.68)*G79,((1.07*30+2.68)+1.07*(F79-30))*G79) -> 13.1082 | I79: 80.04 | J79: =IF(ISBLANK(I79),"",SUM(H79:I79)) -> 93.1482 | K79: =IF(ISBLANK(I79),0,ROUND(J79*(1+$F$10)*(1+$F$11*E79),2)) -> 111.42 | L79: m2 | M79: =1695+89.79 -> 1784.79 | N79: =K79 -> 111.42 | O79: =IF(ISBLANK(N79),0,ROUND(M79*N79,2)) -> 198861.3 | R79: =ROUND(Q79*M79,2) -> 0 | T79: x | U79: =IF(T79="X","x",IF(T79="xx","x",IF(T79="xy","x",IF(T79="y","x",IF(OR(O79>0,#REF!>0),"x",""))))) -> x | V79: =IF(T79="X","x",IF(T79="y","x",IF(T79="xx","x",IF(#REF!>0,"x","")))) -> x | W79: =IF(T79="X","x",IF(#REF!>0,"x","")) -> x
A80: 534908 | B80: 534908F | C80: DER | D80: Paver ou Bloket Colorido e=8cm - sem colchão | F80: 85 | G80: 0.18 | H80: =IF(F80<=30,(1.07*F80+2.68)*G80,((1.07*30+2.68)+1.07*(F80-30))*G80) -> 16.8534 | I80: 91.92 | J80: =IF(ISBLANK(I80),"",SUM(H80:I80)) -> 108.7734 | K80: =IF(ISBLANK(I80),0,ROUND(J80*(1+$F$10)*(1+$F$11*E80),2)) -> 130.11 | L80: m2 | M80: 909 | N80: =K80 -> 130.11 | O80: =IF(ISBLANK(N80),0,ROUND(M80*N80,2)) -> 118269.99 | R80: =ROUND(Q80*M80,2) -> 0 | T80: x | U80: =IF(T80="X","x",IF(T80="xx","x",IF(T80="xy","x",IF(T80="y","x",IF(OR(O80>0,#REF!>0),"x",""))))) -> x | V80: =IF(T80="X","x",IF(T80="y","x",IF(T80="xx","x",IF(#REF!>0,"x","")))) -> x | W80: =IF(T80="X","x",IF(#REF!>0,"x","")) -> x
A81: 98504 | B81: 103946 | C81: SINAPI | D81: PLANTIO DE GRAMA ESMERALDA OU SÃO CARLOS OU CURITIBANA, EM PLACAS. AF_07/2024 | H81: 0 | I81: 13.74 | J81: =IF(ISBLANK(I81),"",SUM(H81:I81)) -> 13.74 | K81: =IF(ISBLANK(I81),0,ROUND(J81*(1+$F$10)*(1+$F$11*E81),2)) -> 16.44 | L81: m2 | M81: =1929.55+310 -> 2239.55 | N81: =K81 -> 16.44 | O81: =IF(ISBLANK(N81),0,ROUND(M81*N81,2)) -> 36818.2 | R81: =ROUND(Q81*M81,2) -> 0 | T81: X | U81: x | V81: =IF(T81="X","x",IF(T81="y","x",IF(T81="xx","x",IF(#REF!>0,"x","")))) -> x | W81: =IF(T81="X","x",IF(#REF!>0,"x","")) -> x
A82: 98505 | B82: 800100 | C82: DER | D82: Hidrossemeadura | H82: 0 | I82: 7.75 | J82: =IF(ISBLANK(I82),"",SUM(H82:I82)) -> 7.75 | K82: =IF(ISBLANK(I82),0,ROUND(J82*(1+$F$10)*(1+$F$11*E82),2)) -> 9.27 | L82: m2 | M82: 4947.92 | N82: =K82 -> 9.27 | O82: =IF(ISBLANK(N82),0,ROUND(M82*N82,2)) -> 45867.22 | R82: =ROUND(Q82*M82,2) -> 0 | T82: x | U82: x | V82: =IF(T82="X","x",IF(T82="y","x",IF(T82="xx","x",IF(#REF!>0,"x","")))) -> x | W82: =IF(T82="X","x",IF(#REF!>0,"x","")) -> x
A83: 800000 | O83: =IF(ISBLANK(N83),0,ROUND(M83*N83,2)) -> 0 | R83: =ROUND(Q83*M83,2) -> 0
A84: 7 | B84: 8 | D84: SINALIZAÇÃO DE TRÂNSITO | N84: =K84 -> 0 | P84: =SUM(O85:O91) -> 115091.76 | S84: =SUM(R85:R91) -> 0 | T84: x | U84: =IF(T84="X","x",IF(T84="xx","x",IF(T84="xy","x",IF(T84="y","x",IF(OR(O84>0,#REF!>0),"x",""))))) -> x | V84: =IF(T84="X","x",IF(T84="y","x",IF(T84="xx","x",IF(#REF!>0,"x","")))) -> x | W84: =IF(T84="X","x",IF(#REF!>0,"x","")) -> x
A85: 822000 | B85: 822000 | C85: DER | D85: Faixa de Sinalização Horizontal c/tinta resina acrílica base solvente- (0,034 m2/m2) | I85: 28.57 | J85: =IF(ISBLANK(I85),"",SUM(H85:I85)) -> 28.57 | K85: =IF(ISBLANK(I85),0,ROUND(J85*(1+$F$10)*(1+$F$11*E85),2)) -> 34.18 | L85: m2 | M85: =731.59+632.18+13.5 -> 1377.27 | N85: =K85 -> 34.18 | O85: =IF(ISBLANK(N85),0,ROUND(M85*N85,2)) -> 47075.09 | R85: =ROUND(Q85*M85,2) -> 0 | T85: x | U85: =IF(T85="X","x",IF(T85="xx","x",IF(T85="xy","x",IF(T85="y","x",IF(OR(O85>0,#REF!>0),"x",""))))) -> x | V85: =IF(T85="X","x",IF(T85="y","x",IF(T85="xx","x",IF(#REF!>0,"x","")))) -> x | W85: =IF(T85="X","x",IF(#REF!>0,"x","")) -> x
A86: 821300 | B86: 821300 | C86: DER | D86: Suporte metál.galv.fogo d=2,5" c/tampa e aletas anti-giro h=3,00m | I86: 404.77 | J86: =IF(ISBLANK(I86),"",SUM(H86:I86)) -> 404.77 | K86: =IF(ISBLANK(I86),0,ROUND(J86*(1+$F$10)*(1+$F$11*E86),2)) -> 484.19 | L86: un | M86: 25 | N86: =K86 -> 484.19 | O86: =IF(ISBLANK(N86),0,ROUND(M86*N86,2)) -> 12104.75 | R86: =ROUND(Q86*M86,2) -> 0 | T86: x | U86: =IF(T86="X","x",IF(T86="xx","x",IF(T86="xy","x",IF(T86="y","x",IF(OR(O86>0,#REF!>0),"x",""))))) -> x | V86: =IF(T86="X","x",IF(T86="y","x",IF(T86="xx","x",IF(#REF!>0,"x","")))) -> x | W86: =IF(T86="X","x",IF(#REF!>0,"x","")) -> x
A87: 820000 | B87: 820000F | C87: DER | D87: Placa sinalização refletiva-círculo (0,1964 m2/ud) + suporte METÁLICO | I87: =536.39*0.1964+412.65 -> 517.997 | J87: =IF(ISBLANK(I87),"",SUM(H87:I87)) -> 517.997 | K87: =IF(ISBLANK(I87),0,ROUND(J87*(1+$F$10)*(1+$F$11*E87),2)) -> 619.63 | L87: un | M87: 7 | N87: =K87 -> 619.63 | O87: =IF(ISBLANK(N87),0,ROUND(M87*N87,2)) -> 4337.41 | R87: =ROUND(Q87*M87,2) -> 0 | T87: x | U87: =IF(T87="X","x",IF(T87="xx","x",IF(T87="xy","x",IF(T87="y","x",IF(OR(O87>0,#REF!>0),"x",""))))) -> x | V87: =IF(T87="X","x",IF(T87="y","x",IF(T87="xx","x",IF(#REF!>0,"x","")))) -> x | W87: =IF(T87="X","x",IF(#REF!>0,"x","")) -> x
A88: 820000 | B88: 820000H | C88: DER | D88: Placa sinalização refletiva-octógono (0,2160 m2/ud) + suporte METÁLICO | I88: =536.39*0.216+412.65 -> 528.51024 | J88: =IF(ISBLANK(I88),"",SUM(H88:I88)) -> 528.51024 | K88: =IF(ISBLANK(I88),0,ROUND(J88*(1+$F$10)*(1+$F$11*E88),2)) -> 632.2 | L88: un | M88: =14+9 -> 23 | N88: =K88 -> 632.2 | O88: =IF(ISBLANK(N88),0,ROUND(M88*N88,2)) -> 14540.6 | R88: =ROUND(Q88*M88,2) -> 0 | T88: x | U88: =IF(T88="X","x",IF(T88="xx","x",IF(T88="xy","x",IF(T88="y","x",IF(OR(O88>0,#REF!>0),"x",""))))) -> x | V88: =IF(T88="X","x",IF(T88="y","x",IF(T88="xx","x",IF(#REF!>0,"x","")))) -> x | W88: =IF(T88="X","x",IF(#REF!>0,"x","")) -> x
A89: 820000 | B89: 820000I | C89: DER | D89: Placa sinalização refletiva-losango (0,2025 m2/ud) + suporte METÁLICO | I89: =536.39*0.2025+412.65 -> 521.26897 | J89: =IF(ISBLANK(I89),"",SUM(H89:I89)) -> 521.26897 | K89: =IF(ISBLANK(I89),0,ROUND(J89*(1+$F$10)*(1+$F$11*E89),2)) -> 623.54 | L89: un | M89: 54 | N89: =K89 -> 623.54 | O89: =IF(ISBLANK(N89),0,ROUND(M89*N89,2)) -> 33671.16 | R89: =ROUND(Q89*M89,2) -> 0 | T89: x | U89: =IF(T89="X","x",IF(T89="xx","x",IF(T89="xy","x",IF(T89="y","x",IF(OR(O89>0,#REF!>0),"x",""))))) -> x | V89: =IF(T89="X","x",IF(T89="y","x",IF(T89="xx","x",IF(#REF!>0,"x","")))) -> x | W89: =IF(T89="X","x",IF(#REF!>0,"x","")) -> x
A90: 820000 | B90: 73916/2 | C90: Orçacivil | D90: PLACA ESMALTADA PARA IDENTIFICAÇÃO NR DE RUA, DIMENSÕES 45X25CM | I90: 112.45 | J90: =IF(ISBLANK(I90),"",SUM(H90:I90)) -> 112.45 | K90: =IF(ISBLANK(I90),0,ROUND(J90*(1+$F$10)*(1+$F$11*E90),2)) -> 134.51 | L90: un | M90: 25 | N90: =K90 -> 134.51 | O90: =IF(ISBLANK(N90),0,ROUND(M90*N90,2)) -> 3362.75 | R90: =ROUND(Q90*M90,2) -> 0 | T90: x | U90: =IF(T90="X","x",IF(T90="xx","x",IF(T90="xy","x",IF(T90="y","x",IF(OR(O90>0,#REF!>0),"x",""))))) -> x | V90: =IF(T90="X","x",IF(T90="y","x",IF(T90="xx","x",IF(#REF!>0,"x","")))) -> x | W90: =IF(T90="X","x",IF(#REF!>0,"x","")) -> x
K91: =IF(ISBLANK(J91),0,ROUND(J91*(1+$F$10)*(1+$F$11*E91),2)) -> 0 | N91: =K91 -> 0 | O91: =IF(ISBLANK(N91),0,ROUND(M91*N91,2)) -> 0 | R91: =ROUND(Q91*M91,2) -> 0 | T91: x | U91: =IF(T91="X","x",IF(T91="xx","x",IF(T91="xy","x",IF(T91="y","x",IF(OR(O91>0,#REF!>0),"x",""))))) -> x | V91: =IF(T91="X","x",IF(T91="y","x",IF(T91="xx","x",IF(#REF!>0,"x","")))) -> x | W91: =IF(T91="X","x",IF(#REF!>0,"x","")) -> x
A92: 8 | B92: 9 | D92: MURO DE CONTENÇÃO | N92: =K92 -> 0 | P92: =SUM(O93:O125)/2 -> 66126.71 | S92: =SUM(R93:R125) -> 0 | T92: X | U92: =IF(T92="X","x",IF(T92="xx","x",IF(T92="xy","x",IF(T92="y","x",IF(OR(O92>0,#REF!>0),"x",""))))) -> x | V92: =IF(T92="X","x",IF(T92="y","x",IF(T92="xx","x",IF(#REF!>0,"x","")))) -> x | W92: =IF(T92="X","x",IF(#REF!>0,"x","")) -> x
B93: 9.1 | D93: FUNDAÇÃO - ESTACAS E BLOCOS | K93: =IF(ISBLANK(J93),0,ROUND(J93*(1+$F$10)*(1+$F$11*E93),2)) -> 0 | N93: =K93 -> 0 | O93: =SUM(O94:O102) -> 21294.14 | R93: =ROUND(Q93*M93,2) -> 0 | T93: X | U93: X | V93: =IF(T93="X","x",IF(T93="y","x",IF(T93="xx","x",IF(#REF!>0,"x","")))) -> x | W93: =IF(T93="X","x",IF(#REF!>0,"x","")) -> x
B94: 602000A | C94: DER | D94: Formas de madeira comum | H94: =IF(F94<=30,(0.62*F94+6.29)*G94,((0.62*30+6.29)+0.62*(F94-30))*G94) -> 0 | I94: 57.74 | J94: =IF(ISBLANK(I94),"",SUM(H94:I94)) -> 57.74 | K94: =IF(ISBLANK(I94),0,ROUND(J94*(1+$F$10)*(1+$F$11*E94),2)) -> 69.07 | L94: m2 | M94: =21.12+15.84 -> 36.96 | N94: =K94 -> 69.07 | O94: =IF(ISBLANK(N94),0,ROUND(M94*N94,2)) -> 2552.83 | R94: =ROUND(Q94*M94,2) -> 0 | T94: x | U94: X | V94: X | W94: X
B95: 101174 | C95: SINAPI | D95: Estaca broca de concreto, diametro de 25 cm, escavação , manual a trado concha, com armadura de arranque. | I95: 96.73 | J95: =IF(ISBLANK(I95),"",SUM(H95:I95)) -> 96.73 | K95: =IF(ISBLANK(I95),0,ROUND(J95*(1+$F$10)*(1+$F$11*E95),2)) -> 115.71 | L95: m | M95: 54 | N95: =K95 -> 115.71 | O95: =IF(ISBLANK(N95),0,ROUND(M95*N95,2)) -> 6248.34 | R95: =ROUND(Q95*M95,2) -> 0 | T95: x | U95: =IF(T95="X","x",IF(T95="xx","x",IF(T95="xy","x",IF(T95="y","x",IF(OR(O95>0,#REF!>0),"x",""))))) -> x | V95: =IF(T95="X","x",IF(T95="y","x",IF(T95="xx","x",IF(#REF!>0,"x","")))) -> x | W95: =IF(T95="X","x",IF(#REF!>0,"x","")) -> x
B96: 603000A | C96: DER | D96: Aço CA-50 Dobr. e Colocação | H96: =IF(F96<=30,(0.62*F96+6.29)*G96,((0.62*30+6.29)+0.62*(F96-30))*G96) -> 0 | I96: 17.84 | J96: =IF(ISBLANK(I96),"",SUM(H96:I96)) -> 17.84 | K96: =IF(ISBLANK(I96),0,ROUND(J96*(1+$F$10)*(1+$F$11*E96),2)) -> 21.34 | L96: kg | M96: =54.2+40.7+94.8 -> 189.7 | N96: =K96 -> 21.34 | O96: =IF(ISBLANK(N96),0,ROUND(M96*N96,2)) -> 4048.2 | R96: =ROUND(Q96*M96,2) -> 0 | T96: X | U96: =IF(T96="X","x",IF(T96="xx","x",IF(T96="xy","x",IF(T96="y","x",IF(OR(O96>0,#REF!>0),"x",""))))) -> x | V96: =IF(T96="X","x",IF(T96="y","x",IF(T96="xx","x",IF(#REF!>0,"x","")))) -> x | W96: =IF(T96="X","x",IF(#REF!>0,"x","")) -> x
B97: 603300A | C97: DER | D97: Aço CA-60 Dobr. e Colocação | H97: =IF(F97<=30,(0.62*F97+6.29)*G97,((0.62*30+6.29)+0.62*(F97-30))*G97) -> 0 | I97: 19.49 | J97: =IF(ISBLANK(I97),"",SUM(H97:I97)) -> 19.49 | K97: =IF(ISBLANK(I97),0,ROUND(J97*(1+$F$10)*(1+$F$11*E97),2)) -> 23.31 | L97: kg | M97: =45.1+33.8+31.42 -> 110.32 | N97: =K97 -> 23.31 | O97: =IF(ISBLANK(N97),0,ROUND(M97*N97,2)) -> 2571.56 | R97: =ROUND(Q97*M97,2) -> 0 | T97: X | U97: =IF(T97="X","x",IF(T97="xx","x",IF(T97="xy","x",IF(T97="y","x",IF(OR(O97>0,#REF!>0),"x",""))))) -> x | V97: =IF(T97="X","x",IF(T97="y","x",IF(T97="xx","x",IF(#REF!>0,"x","")))) -> x | W97: =IF(T97="X","x",IF(#REF!>0,"x","")) -> x
B98: 742500 | C98: DER | D98: Concreto Fck= 25MPa, preparo em betoneira e lançamento. | H98: =SUM(H99:H102) -> 114.483 | I98: 533.26 | J98: =IF(ISBLANK(I98),"",SUM(H98:I98)) -> 647.743 | K98: =IF(ISBLANK(I98),0,ROUND(J98*(1+$F$10)*(1+$F$11*E98),2)) -> 774.83 | L98: m3 | M98: =2.82+2.11+2.65 -> 7.58 | N98: =K98 -> 774.83 | O98: =IF(ISBLANK(N98),0,ROUND(M98*N98,2)) -> 5873.21 | R98: =ROUND(Q98*M98,2) -> 0 | T98: X | U98: =IF(T98="X","x",IF(T98="xx","x",IF(T98="xy","x",IF(T98="y","x",IF(OR(O98>0,#REF!>0),"x",""))))) -> x | V98: =IF(T98="X","x",IF(T98="y","x",IF(T98="xx","x",IF(#REF!>0,"x","")))) -> x | W98: =IF(T98="X","x",IF(#REF!>0,"x","")) -> x
B99: transporte | D99: Cimento | F99: 215 | G99: 0.12 | H99: =IF(F99<=30,(0.78*F99+7.82)*G99,((0.78*30+7.82)+0.78*(F99-30))*G99) -> 21.0624 | I99: 0 | K99: =IF(ISBLANK(I99),0,ROUND(J99*(1+$F$10)*(1+$F$11*E99),2)) -> 0 | L99: m3 | N99: =K99 -> 0 | O99: =IF(ISBLANK(N99),0,ROUND(M99*N99,2)) -> 0 | R99: =ROUND(Q99*M99,2) -> 0 | T99: X | U99: =IF(T99="X","x",IF(T99="xx","x",IF(T99="xy","x",IF(T99="y","x",IF(OR(O99>0,#REF!>0),"x",""))))) -> x | V99: =IF(T99="X","x",IF(T99="y","x",IF(T99="xx","x",IF(#REF!>0,"x","")))) -> x | W99: =IF(T99="X","x",IF(#REF!>0,"x","")) -> x
B100: transporte | D100: Areia | F100: 85 | G100: 0.87 | H100: =IF(F100<=30,(1.07*F100+2.68)*G100,((1.07*30+2.68)+1.07*(F100-30))*G100) -> 81.4581 | I100: 0 | K100: =IF(ISBLANK(I100),0,ROUND(J100*(1+$F$10)*(1+$F$11*E100),2)) -> 0 | L100: m3 | N100: =K100 -> 0 | O100: =IF(ISBLANK(N100),0,ROUND(M100*N100,2)) -> 0 | R100: =ROUND(Q100*M100,2) -> 0 | T100: X | U100: =IF(T100="X","x",IF(T100="xx","x",IF(T100="xy","x",IF(T100="y","x",IF(OR(O100>0,#REF!>0),"x",""))))) -> x | V100: =IF(T100="X","x",IF(T100="y","x",IF(T100="xx","x",IF(#REF!>0,"x","")))) -> x | W100: =IF(T100="X","x",IF(#REF!>0,"x","")) -> x
B101: transporte | D101: Brita | F101: 1 | G101: 1.1 | H101: =IF(F101<=30,(1.07*F101+2.68)*G101,((1.07*30+2.68)+1.07*(F101-30))*G101) -> 4.125 | I101: 0 | K101: =IF(ISBLANK(I101),0,ROUND(J101*(1+$F$10)*(1+$F$11*E101),2)) -> 0 | L101: m3 | N101: =K101 -> 0 | O101: =IF(ISBLANK(N101),0,ROUND(M101*N101,2)) -> 0 | R101: =ROUND(Q101*M101,2) -> 0 | T101: X | U101: =IF(T101="X","x",IF(T101="xx","x",IF(T101="xy","x",IF(T101="y","x",IF(OR(O101>0,#REF!>0),"x",""))))) -> x | V101: =IF(T101="X","x",IF(T101="y","x",IF(T101="xx","x",IF(#REF!>0,"x","")))) -> x | W101: =IF(T101="X","x",IF(#REF!>0,"x","")) -> x
...

Sheet CRONOGRAMA
B2: Município: | C2: Bituruna | Z2: =IF(Y4=0,0,Y2/Y4) -> 0
B3: Projeto: | C3: Infraestrutura Loteamento Sonho Meu e Recape de vias no Bairro São João | Z3: =IF(Y3=0,0,1-Z2) -> 0
E4: CRONOGRAMA FÍSICO FINANCEIRO | P4: Valor Total | Y4: =SUM(Y9:Y22) -> 9032977.2 | Z4: =SUM(Z2:Z3) -> 0
B5: ITEM | C5: SERVIÇOS | E5: N | F5: PARCELAS (%) | Y5: TOTAL | Z5: % S/ | AC5: Controle | AD5: =IF(Y4=#REF!,"OK","erro") -> #REF!
E6: 18 | F6: 1 | G6: 2 | H6: 3 | I6: 4 | J6: 5 | K6: 6 | L6: 7 | M6: 8 | N6: 9 | O6: 10 | P6: 11 | Q6: 12 | R6: 13 | S6: 14 | T6: 15 | U6: 16 | V6: 17 | W6: 18 | Y6: ITEM (R$) | Z6: TOTAL
C7: Data Início | F7: 45810 | G7: =IF(G6=0,0,F8+1) -> 45841 | H7: =IF(H6=0,0,G8+1) -> 45872 | I7: =IF(I6=0,0,H8+1) -> 45903 | J7: =IF(J6=0,0,I8+1) -> 45934 | K7: =IF(K6=0,0,J8+1) -> 45965 | L7: =IF(L6=0,0,K8+1) -> 45996 | M7: =IF(M6=0,0,L8+1) -> 46027 | N7: =IF(N6=0,0,M8+1) -> 46058 | ... W7: =IF(W6=0,0,V8+1) -> 46337 | X7: =IF(X6=0,0,P8+1) -> 0
C8: Data Fim | F8: =IF(E6=0,0,F7+30) -> 45840 | G8: =IF(G6=0,0,G7+30) -> 45871 | H8: =IF(H6=0,0,H7+30) -> 45902 | I8: =IF(I6=0,0,I7+30) -> 45933 | J8: =IF(J6=0,0,J7+30) -> 45964 | K8: =IF(K6=0,0,K7+30) -> 45995 | L8: =IF(L6=0,0,L7+30) -> 46026 | M8: =IF(M6=0,0,M7+30) -> 46057 | N8: =IF(N6=0,0,N7+30) -> 46088 | ... X8: =IF(X6=0,0,X7+30) -> 0
A9: =CONCATENATE($E$6,"|",B9) -> 18|1 | B9: 1 | C9: SERVIÇOS PRELIMINARES | E9: 1 | F9: 100 | X9: =IF(X$6=0,0,VLOOKUP($A9,_base_cron_fp!$A:$P,X$6+4,FALSE)) -> 0 | Y9: =ORÇAMENTO!P18 -> 88179.93 | Z9: =IF($Y$24=0,0,(Y9/$Y$24)*100) -> 0.97620007 | AC9: =SUM(F9:X9) -> 100
A10: =CONCATENATE($E$6,"|",B10) -> 18|2 | B10: 2 | C10: ADMINISTRAÇÃO LOCAL | E10: 2 | F10: =100/18 -> 5.5555556 | G10: =100/18 -> 5.5555556 | H10: =100/18 -> 5.5555556 | I10: =100/18 -> 5.5555556 | J10: =100/18 -> 5.5555556 | K10: =100/18 -> 5.5555556 | L10: =100/18 -> 5.5555556 | M10: =100/18 -> 5.5555556 | ... W10: =100/18 -> 5.5555556 | X10: =IF(X$6=0,0,VLOOKUP($A10,_base_cron_fp!$A:$P,X$6+4,FALSE)) -> 0 | Y10: =ORÇAMENTO!P30 -> 195350.4 | Z10: =IF($Y$24=0,0,(Y10/$Y$24)*100) -> 2.1626358 | AC10: =SUM(F10:X10) -> 100
A11: =CONCATENATE($E$6,"|",B11) -> 18|3 | B11: 3 | C11: TERRAPLENAGEM | E11: 3 | F11: 30 | G11: 20 | H11: 20 | K11: 20 | L11: 10 | X11: =IF(X$6=0,0,VLOOKUP($A11,_base_cron_fp!$A:$P,X$6+4,FALSE)) -> 0 | Y11: =ORÇAMENTO!P33 -> 107440.57 | Z11: =IF($Y$24=0,0,(Y11/$Y$24)*100) -> 1.1894259 | AC11: =SUM(F11:X11) -> 100
A12: =CONCATENATE($E$6,"|",B12) -> 18|4 | B12: 4 | C12: BASE/ SUB-BASE | E12: 4 | K12: 20 | L12: 20 | M12: 20 | N12: 20 | O12: 20 | X12: =IF(X$6=0,0,VLOOKUP($A12,_base_cron_fp!$A:$P,X$6+4,FALSE)) -> 0 | Y12: =ORÇAMENTO!P41 -> 838301.35 | Z12: =IF($Y$24=0,0,(Y12/$Y$24)*100) -> 9.2804546 | AC12: =SUM(F12:X12) -> 100
A13: =CONCATENATE($E$6,"|",B13) -> 18|5 | B13: 5 | C13: PAVIMENTAÇÃO | E13: 5 | N13: 10 | O13: 20 | S13: 20 | T13: 20 | U13: 15 | V13: 15 | X13: =IF(X$6=0,0,VLOOKUP($A13,_base_cron_fp!$A:$P,X$6+4,FALSE)) -> 0 | Y13: =ORÇAMENTO!P48 -> 3223426 | Z13: =IF($Y$24=0,0,(Y13/$Y$24)*100) -> 35.68509 | AC13: =SUM(F13:X13) -> 100
A14: =CONCATENATE($E$6,"|",B14) -> 18|6 | B14: 6 | C14: MEIO FIO E SARJETAS | E14: 3 | M14: 10 | N14: 15 | O14: 15 | P14: 15 | Q14: 15 | R14: 15 | S14: 15 | X14: =IF(X$6=0,0,VLOOKUP($A14,_base_cron_fp!$A:$P,X$6+4,FALSE)) -> 0 | Y14: =ORÇAMENTO!P66 -> 324370.25 | Z14: =IF($Y$24=0,0,(Y14/$Y$24)*100) -> 3.5909562 | AC14: =SUM(F14:X14) -> 100
A15: =CONCATENATE($E$6,"|",B15) -> 18|7 | B15: 7 | C15: SERVIÇOS DE URBANIZAÇÃO | E15: 5 | N15: 5 | O15: 10 | P15: 10 | Q15: 15 | R15: 15 | S15: 15 | T15: 15 | U15: 10 | V15: 5 | X15: =IF(X$6=0,0,VLOOKUP($A15,_base_cron_fp!$A:$P,X$6+4,FALSE)) -> 0 | Y15: =ORÇAMENTO!P72 -> 680805 | Z15: =IF($Y$24=0,0,(Y15/$Y$24)*100) -> 7.5368839 | AC15: =SUM(F15:X15) -> 100
A16: =CONCATENATE($E$6,"|",B16) -> 18|8 | B16: 8 | C16: SINALIZAÇÃO DE TRÂNSITO | E16: 6 | U16: 10 | V16: 10 | W16: 80 | X16: =IF(X$6=0,0,VLOOKUP($A16,_base_cron_fp!$A:$P,X$6+4,FALSE)) -> 0 | Y16: =ORÇAMENTO!P84 -> 115091.76 | Z16: =IF($Y$24=0,0,(Y16/$Y$24)*100) -> 1.2741288 | AC16: =SUM(F16:X16) -> 100
A17: =CONCATENATE($E$6,"|",B17) -> 18|9 | B17: 9 | C17: MURO DE CONTENÇÃO | E17: 6 | F17: 20 | G17: 20 | H17: 30 | I17: 15 | J17: 15 | X17: =IF(X$6=0,0,VLOOKUP($A17,_base_cron_fp!$A:$P,X$6+4,FALSE)) -> 0 | Y17: =ORÇAMENTO!P92 -> 66126.71 | Z17: =IF($Y$24=0,0,(Y17/$Y$24)*100) -> 0.73205886 | AC17: =SUM(F17:X17) -> 100
C18: MURO DE GABIÃO | L18: 20 | M18: 30 | N18: 30 | O18: 20 | Y18: =ORÇAMENTO!P126 -> 877510.42 | Z18: =IF($Y$24=0,0,(Y18/$Y$24)*100) -> 9.7145205 | AC18: =SUM(F18:X18) -> 100
A19: =CONCATENATE($E$6,"|",B19) -> 18|10 | B19: 10 | C19: REDE DE ABASTECIMENTO DE ÁGUA | H19: 10 | I19: 20 | J19: 30 | K19: 20 | L19: 20 | X19: =IF(X$6=0,0,VLOOKUP($A19,_base_cron_fp!$A:$P,X$6+4,FALSE)) -> 0 | Y19: =ORÇAMENTO!P135 -> 260540.01 | Z19: =IF($Y$24=0,0,(Y19/$Y$24)*100) -> 2.8843205 | AC19: =SUM(F19:X19) -> 100
C20: REDE COLETORA DE ESGOTO | G20: 10 | H20: 20 | I20: 20 | J20: 20 | K20: 20 | L20: 10 | Y20: =ORÇAMENTO!P153 -> 1010474.8 | Z20: =IF($Y$24=0,0,(Y20/$Y$24)*100) -> 11.186509 | AC20: =SUM(F20:X20) -> 100
C21: REDE DE DRENAGEM | I21: 20 | J21: 25 | K21: 25 | L21: 20 | M21: 10 | Y21: =ORÇAMENTO!P188 -> 1227903.2 | Z21: =IF($Y$24=0,0,(Y21/$Y$24)*100) -> 13.59356 | AC21: =SUM(F21:X21) -> 100
A22: =CONCATENATE($E$6,"|",B22) -> 18| | C22: ENSAIOS TECNOLÓGICOS | O22: 3 | T22: 12 | V22: 21 | W22: 64 | X22: =IF(X$6=0,0,VLOOKUP($A22,_base_cron_fp!$A:$P,X$6+4,FALSE)) -> 0 | Y22: =ORÇAMENTO!P269 -> 17456.77 | Z22: =IF($Y$24=0,0,(Y22/$Y$24)*100) -> 0.193256 | AC22: =SUM(F22:X22) -> 100
C24: TOTAIS | D24: TOTAIS | Y24: =SUM(Y9:Y23) -> 9032977.2 | Z24: =SUM(Z9:Z22) -> 100
B25: Resp. Técnico: | F25: Assinatura: | X25: data: XX/XX/2025
G26: ___________________________
